 Dungeon Crawl Stone Soup version 0.31-a0-963-ga325b2283a (webtiles) character file.

Game seed: 4755693736381741421

2554371 EnegeticOcto the Plane Walker (level 24, 241/241 HPs)
             Began as a Felid Chaos Knight on Oct 24, 2023.
             Was a Favourite Plaything of Xom.
             Escaped with the Orb
             ... and 4 runes!
             The game lasted 02:20:59 (57938 turns).

EnegeticOcto the Plane Walker (Felid Chaos Knight) Turns: 57938, Time: 02:20:59

Health: 241/241    AC: 15    Str: 24    XL:     24   Next: 94%
Magic:  31/31      EV: 29    Int: 13    God:    Xom [...*..]
Gold:   3812       SH:  0    Dex: 31    Spells: 10/33 levels left
                                        Lives:  2   Deaths: 3

rFire   + +          +
                       - Unarmed
rCold   . . .        (shield unavailable)
rNeg    . . .        (body armour unavailable)
rPois   +            (helmet unavailable)
rElec   +            (cloak unavailable)
rCorr   +            (gloves unavailable)
SInv    +            (boots unavailable)
Will    ++++.        h - amulet of regeneration
Stlth   ++           d - ring of Xom's Entertainment {rC+ rCorr Str+7 Int+3}
HPRegen 1.40/turn    O - ring of Yhuliqim {Fly rElec rF+ rCorr Slay-3}
MPRegen 0.22/turn

%: clarity
@: dragon-form, flying, studying Poison Magic
A: dragon claw, dragon scales, breathe fire, flying, boosted hp, giant, (claws
1), (fangs 3), see invisible, (speed 1), (shaggy fur 3), (stealthy paws), no
weapons or thrown items, no armour, multi-lived, (antennae 1), (large bone
plates 1), agile 1, clarity, (cold resistance 3), dopey 1, strong-willed 1,
mutation resistance 1, passive freeze, sense surroundings 3, (poison
resistance), robust 3, inability to drink after injury 1, MP-powered wands
0: Orb of Zot
}: 4/15 runes: barnacled, silver, abyssal, gossamer
a: Breathe Fire, Begin Untransformation, Renounce Religion


You escaped.
You worshipped Xom.
You were a favourite toy of Xom.
You were a fearsome dragon!
You visited 10 branches of the dungeon, and saw 50 of its levels.
You visited the Abyss 2 times.
You visited 1 bazaar.
You also visited: Bailey.

You collected 6271 gold pieces.
You spent 2459 gold pieces at shops.

Inventory:

Jewellery
 d - the ring of Xom's Entertainment (left foreclaw) {rC+ rCorr Str+7 Int+3}
   (Xom gifted it to you on level 1 of the Vaults)

   [ring of protection from cold]

   Str+7:     It affects your strength (+7).
   Int+3:     It affects your intelligence (+3).
   rC+:       It protects you from cold.
   rCorr:     It protects you from acid and corrosion.
 h - an amulet of regeneration (around neck)
   (You found it on level 7 of the Dungeon)
 q - a +4 ring of protection
   (You took it off a deep elf demonologist on level 3 of the Elven Halls)
 x - the amulet of Ciugod {Reflect rN+ SH+5}
   (Xom gifted it to you on level 4 of the Shoals)

   [amulet of reflection]

   Reflect:   It reflects blocked missile attacks.
   rN+:       It protects you from negative energy.
   SH+5:      It affects your SH (+5).
 A - an amulet of guardian spirit
   (You found it on level 5 of the Lair of Beasts)
 D - the ring "Gopp" {Dex+3 Slay+4 Stlth+}
   (You found it on level 1 of the Lair of Beasts)

   [ring of slaying]

   Dex+3:     It affects your dexterity (+3).
   Slay+4:    It affects your accuracy & damage with ranged weapons and melee
   (+4).
   Stlth+:    It makes you more stealthy.
 G - a ring of willpower
   (You found it on level 3 of the Lair of Beasts)
 K - the ring "Viasomagh" {rF+ Dex+3}
   (You took it off a merfolk aquamancer on level 4 of the Shoals)

   [ring of protection from fire]

   Dex+3:     It affects your dexterity (+3).
   rF+:       It protects you from fire.
 O - the ring of Yhuliqim (right foreclaw) {Fly rElec rF+ rCorr Slay-3}
   (You took it off a merfolk on level 4 of the Shoals)

   [ring of resist corrosion]

   Slay-3:    It affects your accuracy & damage with ranged weapons and melee
   (-3).
   rF+:       It protects you from fire.
   rElec:     It insulates you from electricity.
   Fly:       It grants you flight.
   rCorr:     It protects you from acid and corrosion.
 Q - the ring of Shadows {Umbra +Inv Stlth+}
   (You found it on level 2 of the Crypt)

   [ring of stealth]

   Umbra:     It surrounds you with an aura of shadow, increasing your stealth
   and reducing the accuracy of all others within it.
   +Inv:      It lets you turn invisible.
   Stlth+:    It makes you more stealthy.
 R - a ring of protection from fire
   (You found it on level 15 of the Dungeon)
Talismans
 t - a maw talisman
   (You found it on level 7 of the Dungeon)
 M - a blade talisman
   (You found it on level 1 of the Lair of Beasts)
 W - a dragon-blood talisman (active)
   (You found it on level 5 of the Vaults)
 X - a granite talisman
   (You found it on level 2 of the Crypt)
Wands
 v - a wand of roots (25) {@v2}
   (You found it on level 12 of the Dungeon)
 B - a wand of flame (58) {@v4}
   (You found it on level 3 of the Elven Halls)
 J - a wand of polymorph (49)
   (You bought it in a shop on level 1 of the Orcish Mines)
 L - a wand of paralysis (39)
   (You found it on level 12 of the Dungeon)
 N - a wand of digging (3) {@v3}
   (You found it on level 13 of the Dungeon)
 P - a wand of quicksilver (22) {@v1}
   (You found it on level 13 of the Dungeon)
 T - a wand of mindburst (3)
   (You found it on level 1 of the Spider Nest)
Scrolls
 a - 5 scrolls of butterflies
 b - 3 scrolls of revelation {@r5 !r}
 f - 9 scrolls of teleportation {@r3 !r}
 l - 3 scrolls of blinking {@r4}
 n - 11 scrolls of immolation
 o - 9 scrolls of fear {!r}
 u - 6 scrolls of fog {!r}
 y - 5 scrolls of silence {!r}
 E - 2 scrolls of torment
 F - 5 scrolls of vulnerability
 V - 6 scrolls of poison
Potions
 c - 4 potions of cancellation
 e - 2 potions of magic
 g - 16 potions of curing {@q1 !q}
 i - 7 potions of lignification {@q6}
 j - a potion of resistance
 m - 9 potions of might {@q3 !q}
 p - 7 potions of brilliance
 r - 12 potions of enlightenment
 s - 8 potions of heal wounds {@q2 !q}
 w - 8 potions of haste {@q4 !q}
 z - 6 potions of mutation
 C - 7 potions of ambrosia
 H - a potion of invisibility
 I - 6 potions of attraction
Miscellaneous
 k - a lightning rod (4/4)
   (You found it on level 4 of the Shoals)
 S - a box of beasts
   (You found it on level 5 of the Vaults)
 U - a phantom mirror
   (You found it on level 1 of the Vaults)


   Skills:
 + Level 21.1 Fighting
 + Level 21.8 Dodging
 - Level 10.0 Stealth
 + Level 21.1 Unarmed Combat
 - Level 5.0 Spellcasting
 - Level 1.9 Hexes
 O Level 27 Translocations
 - Level 5.0 Air Magic
 - Level 12.1 Evocations
 + Level 21.1 Shapeshifting


You had 10 spell levels left.
You knew the following spells:

 Your Spells              Type           Power      Damage    Failure   Level
a - Apportation           Tloc           100%       N/A       0%          1
b - Dispersal             Tloc           32%        N/A       1%          6
c - Lesser Beckoning      Tloc           100%       N/A       0%          2
d - Disjunction           Tloc           32%        N/A       1%          8
e - Vhi's Electric Charg  Tloc/Air       88%        N/A       1%          4
Y - Blink                 Tloc           100%       N/A       0%          2

Your spell library contained the following spells:

 Spells                   Type           Power      Damage    Failure   Level
 Gell's Gravitas          Tloc           65%        N/A       0%          3
 Teleport Other           Tloc           65%        N/A       0%          3
 Momentum Strike          Conj/Tloc      76%        3d10      1%          2
 Volatile Blastmotes      Fire/Tloc      76%        2d16      1%          3
 Iskenderun's Mystic Bla  Conj/Tloc      38%        2d9       1%          4
 Summon Forest            Summ/Tloc      19%        N/A       1%          5
 Shock                    Conj/Air       36%        1d5       7%          1
 Swiftness                Air            16%        N/A       7%          3
 Slow                     Hex            32%        N/A       9%          1
 Poisonous Vapours        Pois/Air       18%        N/A       10%         2
 Jinxbite                 Hex            16%        N/A       13%         2
 Airstrike                Air            8%         2d(2-18)  24%         4
 Confusing Touch          Hex            8%         N/A       26%         3
 Sigil of Binding         Hex            8%         N/A       26%         3
 Tukima's Dance           Hex            8%         N/A       26%         3
 Sublimation of Blood     Necr           3%         N/A       28%         2
 Dazzling Flash           Conj/Hex       10%        N/A       36%         3
 Inner Flame              Hex/Fire       5%         N/A       36%         3
 Summon Guardian Golem    Hex/Summ       5%         N/A       36%         3
 Frozen Ramparts          Ice            6%         1d1       50%         3
 Hailstorm                Conj/Ice       3%         3d3       50%         3
 Ignite Poison            Fire/Tmut/Pois 3%         N/A       50%         3
 Vampiric Draining        Necr           3%         2d6       50%         3
 Fulminant Prism          Conj/Hex       2%         3d5       77%         4
 Leda's Liquefaction      Hex/Erth       2%         N/A       77%         4
 Silence                  Hex/Air        6%         N/A       77%         5
 Animate Dead             Necr           3%         N/A       88%         4
 Flame Wave               Conj/Fire      3%         2d5       88%         4
 Petrify                  Tmut/Erth      3%         N/A       88%         4
 Sticky Flame             Conj/Fire      3%         2d3       88%         4
 Summon Ice Beast         Ice/Summ       3%         N/A       88%         4
 Arcjolt                  Conj/Air       4%         1d14      88%         5
 Metabolic Englaciation   Hex/Ice        2%         N/A       98%         5
 Summon Mana Viper        Hex/Summ       5%         N/A       98%         5
 Agony                    Necr           3%         N/A       99%         5
 Alistair's Intoxication  Tmut/Pois      2%         N/A       99%         5
 Borgnjor's Vile Clutch   Necr/Erth      1%         N/A       99%         5
 Irradiate                Conj/Tmut      1%         3d12      99%         5
 Iskenderun's Battlesphe  Conj           3%         2d6       99%         5
 Lee's Rapid Deconstruct  Erth           1%         3d4*      99%         5
 Bombard                  Conj/Erth      1%         9d1       100%        6
 Conjure Ball Lightning   Conj/Air       4%         3x3d6     100%        6
 Death Channel            Necr           1%         N/A       100%        6
 Eringya's Noxious Bog    Tmut/Pois      1%         4d6       100%        6
 Plasma Beam              Fire/Air       4%         2x1d14    100%        6
 Simulacrum               Ice/Necr       1%         N/A       100%        6
 Starburst                Conj/Fire      1%         6d3       100%        6
 Monstrous Menagerie      Summ           1%         N/A       100%        7
 Spellforged Servitor     Conj/Summ      1%         N/A       100%        7
 Summon Hydra             Summ           1%         N/A       100%        7
 Discord                  Hex            4%         N/A       100%        8
 Ignition                 Fire           1%         3d3       100%        8
 Maxwell's Capacitive Co  Air            8%         ∞         100%        8
 Summon Horrible Things   Summ           1%         N/A       100%        8
 Dimensional Bullseye     Hex/Tloc       Unusable   N/A       N/A         4

Dungeon Overview and Level Annotations

Branches:
Dungeon (15/15)            Temple (0/1) D:4            Lair (5/5) D:8
 Shoals (4/4) Lair:2       Spider (4/4) Lair:3        Slime (0/5) Lair:4
    Orc (2/2) D:10            Elf (3/3) Orc:2        Vaults (5/5) D:13
  Crypt (3/3) Vaults:2       Tomb (0/3) Crypt:3      Depths (4/4) D:15
    Zot (5/5) Depths:4     Bailey (visited)

Altars:
Ashenzari
Dithmenos
Fedhas
Kikubaaqudgha
Makhleb
Nemelex Xobeh
Okawaru
Qazlal
Sif Muna
Trog
Uskayaw
Vehumet
Xom
Yredelemnul
Zin
The Shining One
Jiyva
Lugonu

Shops:
D:1 !**   D:4 !   D:9 *   Orc:1 *   Orc:2 ((!   Elf:1 (   Elf:2 [([*:
Elf:3 :=:   Vaults:3 *

Portals:
Hell: Depths:1 Depths:3 Depths:4
Abyss: Depths:1 Depths:3
Trove: Vaults:2 (give 11 potions of heal wounds)

Annotations:
D:12 2 transporters, Ralffi009's ghost, journeyman DrCj
D:15 exclusion: ice statue
Lair:2 exclusion: ice statue
Orc:1 exclusion: ettin
Elf:1 3 runed translucent doors, exclusion: door
Elf:2 11 runed translucent doors, exclusion: door
Vaults:2 Mennas
Vaults:3 3 runed translucent doors, exclusion: door, DizzySkin's ghost, veteran MiBe; Faydane's ghost, veteran HuFi; Ugguttuj's ghost, veteran DrWn; deprived's ghost, veteran HOFi; handsome's ghost, veteran OpWn
Zot:1 1 runed translucent door, asdu's ghost, legendary FoFi
Zot:5 1 runed translucent door, exclusion: door, Raoceuw's ghost, master NaVM


Innate Abilities, Weirdness & Mutations

You are a fearsome dragon!
You have a powerful clawing attack.
Your giant scaled body is strong and resilient, but less evasive.
You can breathe fire.
You are flying.
Your maximum health is greatly increased.
((You have sharp claws.))
((You have razor-sharp teeth.))
You have supernaturally acute eyesight. (SInv)
((You cover ground quickly. (Speed+)))
((Your thick and shaggy fur keeps you warm. (AC +3, rC+)))
((Your paws help you pounce on unaware monsters.))
You are incapable of wielding weapons or throwing items.
You cannot wear armour.
You gain extra lives every three experience levels.
((You have a pair of small antennae on your head.))
((You are partially covered in large bone plates. (SH +4)))
You are agile. (Dex +4, Str/Int -1)
You possess an exceptional clarity of mind.
((Your flesh is almost immune to the effects of cold. (rC+++)))
You are dopey. (Int -2)
You are strong-willed. (Will+)
You are somewhat resistant to further mutation.
A frigid envelope surrounds you and freezes all who hurt you.
You passively map a large area around you.
((Your system is resistant to poisons. (rPois)))
You are extremely robust. (+30% HP)
You occasionally lose the ability to drink potions when taking damage.
You expend magic power (3 MP) to strengthen your wands.


Message History

There is an open door here.
Things that are here:
4 stones; a +0 ring mail; a +0 spear
There is an escape hatch in the ceiling here.
Really go through this one-way escape hatch?
A mysterious force pulls you upwards. The hatch slams shut behind you.
There is a stone staircase leading up here.
You fly upwards.
There is a stone staircase leading down here.
An Orb Guardian comes into view.
Charge where?
Press: ? - help, Q - select action, (/) - cycle Dir - move target, f - Orb Guardian
Aim: an Orb Guardian (83% to hit)
You charge forward with an electric crackle!
You maul the Orb Guardian and electrocute it!!!!
You kill the Orb Guardian!
An Orb Guardian comes into view.
Charge where?
Press: ? - help, Q - select action, (/) - cycle Dir - move target, f - Orb Guardian
Aim: an Orb Guardian (83% to hit)
You charge forward with an electric crackle!
You hit the Orb Guardian and electrocute it.
You bite the Orb Guardian!
The Orb Guardian is lightly wounded.
You maul the Orb Guardian!!!
You tail-slap the Orb Guardian, but do no damage.
You claw the Orb Guardian!!
You kill the Orb Guardian!
No target in view!
(D) Dungeon (T) Temple (L) Lair (A) Shoals (N) Spider Nest (M) Slime Pits (O) Orcish Mines (E) Elven Halls (V) Vaults (C) Crypt (W) Tomb (U) Depths (H) Hell (Z) Zot
Where to? (Tab/Enter - D:3 @ (x,y), ? - help)
Items here: )) [[.
A Keschom and an iron imp come into view.
The iron imp shouts!
Keschom gestures.
Press: ? - help, v - describe, . - travel
Here: Keschom The floor.
Unknown command.
Keschom gestures.
The soul eater draws from the surrounding life force!
The soul eater disappears in a puff of smoke!
There is a stone staircase leading up here.
You fly upwards.
There is a stone staircase leading down here.
You see here a +0 club.
A large abomination comes into view.
Charge where?
Press: ? - help, Q - select action, (/) - cycle Dir - move target, f - large abomination
Aim: a large abomination (wandering, hasn't noticed you, 97% to hit)
You charge forward with an electric crackle!
A large abomination comes into view.
You hit the large abomination and electrocute it.
You claw the large abomination, but do no damage.
The large abomination is lightly damaged.
You barely miss the large abomination. You claw the large abomination!
The large abomination is moderately damaged.
An Executioner comes into view.
You maul the large abomination!!!!
You destroy the large abomination!
Charge where?
Press: ? - help, Q - select action, (/) - cycle Dir - move target, f - Executioner
Aim: an Executioner (79% to hit)
You charge forward with an electric crackle!
You maul the Executioner!!!
You tail-slap the Executioner.
The Executioner is severely wounded.
The Executioner gestures.
The Executioner seems to speed up.
The Executioner completely misses you. x2
The Executioner barely misses you.
You maul the Executioner!!!
You kill the Executioner!
There is a stone staircase leading up here.
You maul the large abomination!!!
You claw the large abomination.
You destroy the large abomination!
No target in view!
You fly upwards.
There is a stone staircase leading down here.
Magic restored.
There is an open door here.
There is an open door here.
You hear a grinding noise.
There is an open door here.
You hear a grinding noise.
You hear a grinding noise.
There is a staircase leading out of the dungeon here.
You are a level 24 Felid Chaos Knight.
You are 94% of the way to level 25.
If you died right now, you'd get an extra life in 1.06 levels' worth of XP.
Play time: 02:20:45 (57937 turns).
You are forever immune to Zot's power.
You are a fearsome dragon!
You are flying.
You are studying Poison Magic.
Your flying speed is average.
Your attack delay is about 0.6.
Your damage rating with unarmed combat is about 88 (Base [29 + 21 (UC)] x 135% (Str) x 135% (Fight) - 3 (Slay)).
Your base attributes are Str 8, Int 13, Dex 27.
You are a level 24 Felid Chaos Knight.
You are 94% of the way to level 25.
If you died right now, you'd get an extra life in 1.06 levels' worth of XP.
Play time: 02:20:57 (57937 turns).
You are forever immune to Zot's power.
You have escaped!

.....# #......)## #.# #.##.##..
...#.# #.#......# #.# #.##.##..
.....# #.#####..# #.# #....##..
#.#### #.# #..# #.######.##.. #.#
#.#####..# #........##.# #'##
#.......#######..####.##.# ...##
####..###≈≈≈≈≈.#'# #.##.# ....##
#.###........8####.##.. .....##
##.##..D.........+..###.
......####..###........8###..##..
......'......###≈≈≈≈≈##'#.....'..
......####...# ########....#.##..
.....## ##..# #.# ###.##.###.
....## #..#####.# ####.# ## ...##
#........# ######.# # #'##
##.####### #......# #.# #.#
#.######


There were no monsters in sight!

Vanquished Creatures
  An ancient lich (Crypt:3)
  An orb of fire (Zot:3)
  A juggernaut (Depths:3)
  Parghit (Depths:4)
  Josephina (Crypt:2)
  Margery (Vaults:4)
  2 curse toes (Zot:5)
  Bai Suzhen (Vaults:4)
  3 caustic shrikes (Depths:4)
  9 golden dragons
  Jory (Crypt:3)
  A bone dragon (Depths:4)
  Arachne (Spider:4)
  A Brimstone Fiend (D:8)
  3 electric golems
  An iron giant (Vaults:5)
  6 tentacled monstrosities
  9 Orb Guardians
  7 titans
  2 deep elf blademasters (Elf:3)
  Asterion (Spider:3)
  3 quicksilver dragons
  3 sphinxes
  A tentacled starspawn (Abyss:3)
  3 deep elf master archers (Elf:3)
  4 death cobs
  An Executioner (D:2)
  9 shadow dragons
  Kirke (D:13)
  Frances (D:13)
  4 ancient champions
  3 revenants
  Ilsuiw (Shoals:3)
  Aizul (Vaults:4)
  7 storm dragons
  5 tengu reavers (Vaults:5)
  Donald (Vaults:1)
  6 draconian monks
  6 emperor scorpions
  A caustic shrike zombie (Crypt:3)
  11 deep elf sorcerers
  5 fire giants
  4 frost giants
  20 vault wardens
  6 draconian scorchers (Zot:3)
  A balrug (Depths:4)
  A draconian stormcaller (Zot:5)
  3 curse skulls
  7 deep elf elementalists (Elf:3)
  9 ghouls
  Louise (Spider:4)
  3 ghost moths
  10 ironbound preservers
  2 draconian shifters
  A draconian annihilator (Depths:4)
  2 orc warlords
  10 ironbound thunderhulks
  19 very ugly things
  12 stone giants
  2 war gargoyles (Vaults:4)
  3 broodmothers (Spider:4)
  6 deep elf demonologists
  19 vampire knights
  2 starflowers (Abyss:3)
  3 formless jellyfish
  An eleionoma (Depths:3)
  4 green draconians
  9 dire elephants
  5 black draconians
  8 deep elf annihilators
  4 purple draconians
  Azrael (Lair:3)
  6 white draconians
  A minotaur (Orc:2)
  A red draconian (Zot:3)
  8 spark wasps
  2 crystal guardians (Vaults:4)
  A mummy priest (Crypt:3)
  5 eidola
  9 deep elf death magi
  7 ettins
  9 jiangshi
  6 entropy weavers
  The ghost of Gladio the Markself, a journeyman DEHu of Hepliaklqana (Lair:4)
  5 fire dragons
  10 yaktaur captains
  13 merfolk impalers
  7 merfolk javelineers
  7 deep elf high priests
  4 ice dragons (Depths:4)
  3 hydras
  A sphinx zombie (Crypt:1)
  A rakshasa (Depths:3)
  4 ogre magi
  A catoblepas (D:14)
  40 vault guards
  7 great orbs of eyes
  A radroach (Spider:4)
  A jorogumo (Spider:3)
  3 alligator snapping turtles (Shoals:4)
  A satyr (Shoals:2)
  6 centaur warriors
  3 peacekeepers (Vaults:4)
  A fenstrider witch skeleton (Crypt:3)
  9 merfolk aquamancers
  6 ironbound frosthearts
  8 two-headed ogres
  3 death knights
  10 boulder beetles
  A sphinx skeleton (D:15)
  6 demonic crawlers
  A two-headed ogre (shapeshifter) (Depths:3)
  10 vampire magi
  16 dancing weapons
  A deep troll shaman (Depths:4)
  2 deep troll earth magi
  15 death yaks
  6 tengu warriors
  4 hell hogs (D:6)
  A spriggan berserker (Depths:1)
  An occultist (Depths:3)
  4 orc high priests (Orc:2)
  19 deep elf knights
  A sun demon (Depths:4)
  2 thrashing horrors (Abyss:3)
  16 hell knights
  A titan zombie (Crypt:1)
  3 soul eaters
  4 iron trolls
  A sixfirhy (Zot:5)
  3 skysharks
  A shadow wraith (Crypt:3)
  58 skeletal warriors
  A wretched star (Abyss:3)
  3 sun moths
  6 glowing orange brains
  A death drake (shapeshifter) (Depths:3)
  9 pharaoh ants
  27 deep trolls
  10 sea snakes
  An anaconda zombie (Crypt:1)
  5 flayed ghosts
  6 orb spiders
  A golden dragon skeleton (Depths:1)
  A spriggan simulacrum (Crypt:2)
  4 arcanists
  A shadow dragon zombie (Crypt:3)
  23 phantasmal warriors
  2 anaconda skeletons
  A steelbarb worm (shapeshifter) (Depths:3)
  21 harpies
  11 ironbound convokers
  12 deep elf archers
  31 deep elf pyromancers
  4 lindwurms
  10 necromancers
  8 steelbarb worms
  9 orc knights
  26 deep elf zephyrmancers
  A glowing shapeshifter (Depths:4)
  3 orc sorcerers (Orc:2)
  24 wolf spiders
  An oklob plant (Abyss:3)
  11 cyclopes
  30 ugly things
  12 manticores
  A stone giant zombie (Crypt:3)
  5 fauns
  2 wolf spiders (shapeshifter)
  A mana viper (shapeshifter) (Vaults:5)
  4 moths of wrath
  2 frost giant skeletons (Crypt:1)
  A centaur zombie (Crypt:3)
  3 black mambas
  A rust devil (D:6)
  7 merfolk sirens
  An eleionoma skeleton (Crypt:2)
  A guardian serpent (shapeshifter) (D:14)
  13 elephants
  16 vault sentinels
  A toenail golem (D:6)
  2 torpor snails
  3 molten gargoyles (Lair:5)
  11 water nymphs
  6 cane toads
  2 gargoyles
  2 alligator snapping turtle zombies (Crypt:3)
  A smoke demon (Depths:4)
  2 unseen horrors
  2 rime drakes (Lair:5)
  2 kobold demonologists (D:13)
  8 freezing wraiths
  6 guardian mummies (Crypt:3)
  19 komodo dragons
  4 tengu conjurers
  A spark wasp simulacrum (Depths:1)
  A death yak skeleton (Crypt:2)
  An efreet (D:13)
  20 yaktaurs
  A hornet (D:9)
  2 harpy zombies (Crypt:3)
  22 merfolk
  3 polar bears
  6 meliai
  A red devil (Zot:5)
  A hydra zombie (Crypt:2)
  A queen bee (Lair:1)
  A yaktaur skeleton (Vaults:4)
  12 wind drakes
  21 tarantellas
  13 trolls
  2 ettin zombies
  A harpy skeleton (Crypt:1)
  5 dream sheep (Shoals:4)
  A wind drake (shapeshifter) (Elf:3)
  A glass eye (Depths:3)
  8 blink frogs
  A stone giant simulacrum (Crypt:2)
  5 snapping turtles
  3 spriggan zombies
  Sigmund (D:6)
  2 culicivoras (shapeshifter)
  A frost giant simulacrum (Depths:1)
  3 flying skulls (Crypt:1)
  28 water elementals
  A black mamba zombie (Crypt:3)
  A naga simulacrum (Crypt:2)
  6 air elementals
  21 jumping spiders
  38 slime creatures
  2 shadows
  16 culicivoras
  A vampire (D:11)
  A spriggan (shapeshifter) (D:13)
  A spriggan (Vaults:3)
  An ettin skeleton (Crypt:1)
  12 wraiths
  4 wyverns
  A fire bat (shapeshifter) (D:14)
  2 basilisks
  31 yaks
  8 fire elementals
  A black mamba skeleton (Crypt:1)
  6 steam dragons
  Eustachio (D:6)
  62 redbacks
  A chaos spawn (D:6)
  3 wargs
  A harpy simulacrum (Crypt:2)
  8 vampire mosquitoes
  2 large abominations (D:2)
  A demonspawn zombie (Crypt:2)
  6 hell hounds
  A faun zombie (Crypt:3)
  An acid dragon (D:11)
  10 water moccasins
  A swamp drake (D:8)
  A black bear (D:6)
  44 orc warriors
  A glowing shapeshifter skeleton (Depths:1)
  A faun skeleton (Crypt:3)
  9 ice beasts
  A swamp dragon zombie (Crypt:3)
  14 ogres
  2 sky beasts
  A manticore skeleton (Crypt:3)
  13 wolves
  A human skeleton (Vaults:4)
  3 centaurs
  A small abomination (Abyss:3)
  A dream sheep skeleton (Crypt:3)
  A hog skeleton (Crypt:3)
  3 lemures (D:8)
  3 kobold brigands
  A komodo dragon zombie (Crypt:2)
  10 bullfrogs
  5 earth elementals
  4 necrophages
  4 gnoll sergeants
  A scorpion (Lair:2)
  A glowing shapeshifter simulacrum (Vaults:4)
  3 wights (D:8)
  37 killer bees
  7 howler monkeys
  4 electric eels
  6 jellies
  4 lava snakes (Lair:5)
  A gnoll bouda (Orc:2)
  2 hounds
  A sleepcap (D:6)
  A human zombie (Crypt:1)
  31 orc priests
  2 starcursed masses (Abyss:3)
  A bullfrog skeleton (Crypt:3)
  9 iguanas
  19 orc wizards
  An ogre zombie (Crypt:2)
  An ice beast zombie (Crypt:1)
  20 gnolls
  5 adders
  3 white imps
  An adder skeleton (Crypt:3)
  3 worms
  3 dart slugs
  95 orcs
  6 endoplasms
  6 giant cockroaches
  A giant cockroach (shapeshifter) (Vaults:5)
  7 goblins
  7 hobgoblins
  3 jackals
  19 kobolds
  4 quokkas
  8 ball pythons
  6 bats
  4 frilled lizards
  2 orc skeletons
  An orc zombie (Crypt:2)
  A quokka skeleton (Crypt:2)
  4 rats
  2 rat skeletons
  A rat zombie (Crypt:3)
2031 creatures vanquished.

Vanquished Creatures (collateral kills)
  A golden dragon (Depths:4)
  An Orb Guardian (Zot:5)
  A draconian monk (Zot:3)
  A fire giant (Vaults:5)
  A draconian scorcher (Zot:3)
  2 deep elf high priests
  A hydra (Lair:5)
  3 vault guards (Vaults:5)
  A catoblepas (Lair:5)
  A dancing weapon (Elf:2)
  A deep elf archer (Elf:1)
  A necromancer (Vaults:5)
  3 ugly things
  A deep elf pyromancer (Elf:1)
  An orc sorcerer (Orc:2)
  A vault sentinel (Vaults:5)
  A cane toad (Lair:5)
  2 komodo dragons
  A polar bear (Lair:5)
  2 hornets
  A basilisk (Lair:5)
  A water moccasin (D:7)
  An ice beast (D:7)
  A howler monkey (D:9)
  4 orcs
  A kobold (D:13)
36 creatures vanquished.

Vanquished Creatures (others)
  A quicksilver dragon (Zot:3)
  A vault warden (Vaults:5)
  A red draconian (Zot:3)
  A purple draconian (Zot:3)
  A merfolk aquamancer (Shoals:2)
  A vault guard (Vaults:2)
  4 dancing weapons
  A deep elf knight (Elf:1)
  A deep troll (Depths:4)
  A wolf spider (Spider:2)
  4 deep elf zephyrmancers
  A yaktaur (Vaults:1)
  6 humans (D:13)
  2 redbacks (Spider:2)
  A killer bee (Lair:1)
  A howler monkey (D:13)
  An orc (Vaults:5)
29 creatures vanquished.

Grand Total: 2096 creatures vanquished

Notes
Turn   | Place    | Note
-------+----------+-------------------------------------------
     0 | D:1      | EnegeticOcto the Felid Chaos Knight began the quest for the
                  | Orb.
     0 | D:1      | Reached XP level 1. HP: 10/10 MP: 2/2
    83 | D:1      | Reached skill level 1 in Stealth
   230 | D:1      | XOM: silly message
   281 | D:1      | Reached skill level 2 in Stealth
   314 | D:1      | Found Zuivy's Assorted Antiques.
   321 | D:1      | Found Aneanlom's Assorted Antiques.
   361 | D:1      | Found a faded altar of an unknown god.
   368 | D:1      | Reached XP level 2. HP: 14/14 MP: 3/3
   629 | D:1      | Found Papium's Distillery.
   697 | D:1      | XOM: divination: magic mapping
   779 | D:1      | Reached skill level 3 in Stealth
   907 | D:1      | Bought a scroll labelled JAV INGIMPO for 19 gold pieces
  1042 | D:1      | Bought a scroll labelled DIZXIQA TEON for 19 gold pieces
  1280 | D:2      | XOM: butterfly on damage
  1437 | D:2      | Reached skill level 1 in Shapeshifting
  1437 | D:2      | Reached XP level 3. HP: 17/17 MP: 4/4
  1452 | D:2      | XOM: 2-stop teleportation journey
  1580 | D:2      | XOM: cleaving
  1832 | D:1      | XOM: divination: magic mapping
  1834 | D:1      | XOM: cloud trail
  1849 | D:1      | Bought a scroll labelled EXU NIPSEJUNE for 19 gold pieces
  1849 | D:1      | Bought a ruby potion for 17 gold pieces
  1849 | D:1      | Bought a viscous red potion for 17 gold pieces
  1872 | D:3      | Reached skill level 4 in Dodging
  1873 | D:3      | XOM: summons 3 friendly demons
  2073 | D:1      | Bought a scroll labelled NEWKATH MOBA for 24 gold pieces
  2431 | D:1      | Bought a potion of lignification for 42 gold pieces
  2591 | D:1      | Bought a scroll labelled OKYARIU NEPEX for 24 gold pieces
  2628 | D:2      | Reached XP level 4. HP: 21/21 MP: 5/5
  2838 | D:3      | Reached skill level 2 in Shapeshifting
  3133 | D:3      | XOM: give mutation
  3133 | D:3      | Gained mutation: You are partially covered in iridescent
                  | scales. (AC +2) [Xom's mischief]
  3180 | D:3      | Reached XP level 5. HP: 24/24 MP: 6/6
  3227 | D:3      | XOM: summons 3 hostile demons
  3277 | D:3      | XOM is BORED!
  3556 | D:4      | Found a shimmering blue altar of Sif Muna.
  3815 | D:4      | XOM: divination: detect creatures
  3948 | D:4      | Found Pew Uvit's Distillery.
  3975 | D:4      | Found a staircase to the Ecumenical Temple.
  4210 | D:4      | Reached skill level 4 in Fighting
  4210 | D:4      | Reached skill level 4 in Unarmed Combat
  4387 | D:1      | Bought a scroll labelled OMYS COPHUKEZ for 24 gold pieces
  4551 | D:4      | XOM: cloud trail
  4601 | D:4      | XOM: give mutations
  4601 | D:4      | Gained mutation: Your body sometimes deteriorates upon
                  | taking damage. [Xom's mischief]
  4601 | D:4      | Gained mutation: You have a pair of small horns on your
                  | head. [Xom's mischief]
  4601 | D:4      | Gained mutation: You have hidden genetic defects. [Xom's
                  | mischief]
  4601 | D:4      | Gained mutation: Your system is resistant to poisons.
                  | (rPois) [Xom's mischief]
  4735 | D:4      | Mangled by an iguana
  4765 | D:4      | Gained mutation: You are covered in thick fur. (AC +2)
                  | [Felid growth]
  4765 | D:4      | Reached XP level 6. HP: 22/29 MP: 7/7
  4767 | D:4      | XOM: noise
  4818 | D:4      | Gained mutation: You are dopey. (Int -2) [hidden defects]
  5017 | D:5      | Entered Level 5 of the Dungeon
  5191 | D:5      | XOM: destruction
  5214 | D:5      | Gained mutation: You occasionally lose the ability to drink
                  | potions when taking damage. [hidden defects]
  5214 | D:5      | Lost mutation: You have hidden genetic defects. [hidden
                  | defects expressed]
  5272 | D:5      | XOM: god gift: 27 gold pieces
  5292 | D:5      | Reached skill level 5 in Fighting
  5292 | D:5      | Reached skill level 5 in Unarmed Combat
  5346 | D:4      | Bought a potion of curing for 36 gold pieces
  5394 | D:5      | Reached XP level 7. HP: 29/33 MP: 8/8
  5541 | D:5      | XOM: silly message
  5712 | D:5      | Reached skill level 1 in Evocations
  5909 | D:5      | Reached skill level 2 in Evocations
  5909 | D:5      | Reached skill level 3 in Shapeshifting
  5997 | D:5      | XOM: noise
  6075 | D:5      | Reached skill level 4 in Shapeshifting
  6491 | D:4      | Bought a potion of heal wounds for 60 gold pieces
  6495 | D:4      | XOM: divination: magic mapping
  6632 | D:6      | XOM: silly message
  6689 | D:6      | XOM: potion effect (might)
  6709 | D:6      | Reached skill level 5 in Shapeshifting
  6753 | D:6      | Identified the +1 ring mail of Theory {rElec Regen+ rCorr
                  | SInv}
  6786 | D:6      | Reached XP level 8. HP: 26/37 MP: 9/9
  6832 | D:6      | Noticed Sigmund
  6832 | D:6      | XOM: 2-stop teleportation journey
  6840 | D:6      | Killed Sigmund
  6841 | D:6      | Reached skill level 6 in Shapeshifting
  6985 | D:6      | Found an iron altar of Okawaru.
  6994 | D:6      | Noticed Eustachio
  7002 | D:6      | XOM: enchant monster (good)
  7005 | D:6      | Killed Eustachio
  7006 | D:6      | Reached skill level 7 in Shapeshifting
  7114 | D:6      | Reached skill level 5 in Dodging
  7227 | D:6      | XOM is BORED!
  7227 | D:6      | XOM: summons 5 hostile demons
  7393 | D:6      | Reached skill level 6 in Dodging
  7445 | D:7      | XOM: summons 3 friendly demons
  7449 | D:7      | Reached skill level 6 in Fighting
  7489 | D:7      | Reached skill level 7 in Dodging
  7498 | D:7      | Reached XP level 9. HP: 40/42 MP: 10/10
  7590 | D:7      | Found a flagged portal.
  7599 | Bailey   | Entered a bailey
  7620 | Bailey   | XOM: butterfly on damage
  7791 | D:7      | XOM: butterfly on damage
  7821 | D:7      | XOM: confusion (+ monsters)
  8249 | D:7      | XOM: cloud trail
  8290 | D:7      | XOM: give mutations
  8290 | D:7      | Gained mutation: You have a somewhat thin skeletal
                  | structure. (Dex +2, Stealth+) [Xom's grace]
  8290 | D:7      | Gained mutation: You are mostly covered in iridescent
                  | scales. (AC +4) [Xom's grace]
  8610 | D:8      | XOM: torment (22/42 hp)
  8744 | D:8      | Found a staircase to the Lair.
  8746 | D:8      | Found a burning altar of Makhleb.
  8764 | D:8      | Found a radiant altar of Vehumet.
  8783 | D:8      | Reached skill level 7 in Fighting
  8837 | D:8      | Found a broken altar of Ashenzari.
  8838 | D:8      | Found a hide-covered altar of Uskayaw.
  8844 | D:8      | Found a stormy altar of Qazlal.
  8846 | D:8      | Found a glowing golden altar of the Shining One.
  8847 | D:8      | Found a sparkling altar of Nemelex Xobeh.
  8849 | D:8      | Found a bloodstained altar of Trog.
  8853 | D:8      | Found a blossoming altar of Fedhas.
  8854 | D:8      | Found a basalt altar of Yredelemnul.
  8917 | D:8      | Reached skill level 8 in Dodging
  9042 | D:8      | Noticed Pikel
  9050 | D:8      | Pikel changed into Pikel the swamp drake
  9050 | D:8      | Noticed Pikel
  9050 | D:8      | XOM: polymorph Pikel -> Pikel the swamp drake
  9058 | D:8      | Killed Pikel the swamp drake
  9362 | D:8      | XOM: god gift: +0 war axe of chaos
  9495 | D:4      | Bought a potion of enlightenment for 60 gold pieces
  9663 | D:9      | Reached skill level 8 in Shapeshifting
  9692 | D:8      | Reached skill level 9 in Dodging
 10037 | D:9      | Paralysed by a hornet for 1 turns
 10043 | D:9      | Reached skill level 8 in Fighting
 10044 | D:9      | XOM: blink monster(s)
 10072 | D:9      | XOM: give mutations
 10072 | D:9      | Lost mutation: You occasionally lose the ability to drink
                  | potions when taking damage. [Xom's mischief]
 10072 | D:9      | Gained mutation: You are weak. (Str -2) [Xom's mischief]
 10072 | D:9      | Lost mutation: You are mostly covered in iridescent scales.
                  | (AC +4) [Xom's mischief]
 10078 | D:9      | XOM: give mutations
 10078 | D:9      | Gained mutation: You are somewhat resistant to further
                  | mutation. [Xom's mischief]
 10078 | D:9      | Lost mutation: Your body sometimes deteriorates upon taking
                  | damage. [Xom's mischief]
 10078 | D:9      | Lost mutation: You have a somewhat thin skeletal structure.
                  | (Dex +2, Stealth+) [Xom's mischief]
 10078 | D:9      | Lost mutation: Your system is resistant to poisons. (rPois)
                  | [Xom's mischief]
 10139 | D:9      | XOM: silly message
 10185 | D:9      | XOM: polymorph gnoll -> killer bee
 10261 | D:9      | Reached XP level 10. HP: 41/48 MP: 11/11
 10467 | D:9      | XOM: blink monster(s)
 10552 | D:9      | Found Symy Zaog's Demolitions Depot.
 10574 | D:9      | Paralysed by a hornet for 3 turns
 10577 | D:9      | XOM: summons 3 friendly demons
 10591 | D:9      | XOM: divination: magic mapping
 10880 | D:1      | Bought a potion of heal wounds for 70 gold pieces
 11177 | D:7      | XOM: noise
 11416 | D:9      | Found an ancient bone altar of Kikubaaqudgha.
 11464 | D:10     | Entered Level 10 of the Dungeon
 11469 | D:10     | Found a staircase to the Orcish Mines.
 11475 | D:10     | XOM: summons friendly iron imp
 11494 | D:9      | Reached skill level 10 in Dodging
 11547 | D:10     | Reached skill level 9 in Shapeshifting
 11553 | D:9      | XOM: noise
 11664 | D:10     | XOM: god gift: scroll of poison
 11732 | D:10     | Noticed a two-headed ogre
 11841 | D:10     | XOM: cleaving
 11852 | D:10     | XOM: summons 10 friendly demons
 11859 | D:10     | Reached skill level 9 in Fighting
 11936 | D:10     | XOM: scenery: create altars
 12069 | D:10     | XOM: smoke on damage
 12193 | D:10     | XOM: god gift: 41 gold pieces
 12198 | D:10     | XOM: fog
 12677 | D:10     | XOM: god gift: potion of heal wounds
 12699 | D:10     | XOM: god gift: scroll of fog
 12755 | D:9      | XOM: give mutations
 12755 | D:9      | Lost mutation: You have a pair of small horns on your head.
                  | [Xom's mischief]
 12755 | D:9      | Gained mutation: You occasionally lose the ability to drink
                  | potions when taking damage. [Xom's mischief]
 12755 | D:9      | Lost mutation: You are somewhat resistant to further
                  | mutation. [Xom's mischief]
 12755 | D:9      | Gained mutation: Your natural rate of healing is unusually
                  | fast. [Xom's mischief]
 12794 | Lair:1   | Entered Level 1 of the Lair of Beasts
 12871 | Lair:1   | XOM: summons 8 friendly demons
 12902 | Lair:1   | Reached skill level 10 in Shapeshifting
 12987 | D:7      | XOM: cast spell 'Summon Dragon'
 12988 | D:7      | Reached skill level 6 in Unarmed Combat
 13065 | Lair:1   | XOM: scenery: create altars
 13098 | Lair:1   | Reached skill level 10 in Fighting
 13255 | Lair:1   | XOM is BORED!
 13261 | Lair:1   | XOM: enchant monster (good)
 13262 | Lair:1   | XOM: polymorph killer bee -> iguana
 13271 | Lair:1   | Reached skill level 7 in Unarmed Combat
 13271 | Lair:1   | Reached XP level 11. HP: 23/54 MP: 12/12
 13552 | Lair:1   | Reached skill level 8 in Unarmed Combat
 13561 | Lair:1   | Identified the ring "Gopp" {Dex+3 Slay+4 Stlth+}
 13593 | Lair:1   | XOM: give mutations
 13593 | Lair:1   | Gained mutation: You have hidden genetic potential. [Xom's
                  | grace]
 13593 | Lair:1   | Gained mutation: Your system is resistant to poisons.
                  | (rPois) [Xom's grace]
 13593 | Lair:1   | Gained mutation: Your flesh is cold resistant. (rC+) [Xom's
                  | grace]
 13835 | Lair:1   | XOM: stat loss: -1 Str (5/6)
 14037 | Lair:1   | Reached skill level 9 in Unarmed Combat
 14067 | Lair:2   | Found a staircase to the Shoals.
 14067 | Lair:2   | Noticed a harpy
 14067 | Lair:2   | Noticed a harpy
 14069 | Lair:2   | XOM: divination: detect creatures
 14083 | Lair:2   | XOM: butterfly on damage
 14087 | Lair:2   | a harpy changed into a yaktaur
 14087 | Lair:2   | XOM: polymorph harpy -> yaktaur
 14098 | Lair:2   | XOM: noise
 14100 | Lair:2   | XOM: enchant monster (bad)
 14109 | Lair:2   | Noticed a skyshark
 14122 | Lair:2   | Killed a skyshark
 14123 | Lair:2   | Reached skill level 10 in Unarmed Combat
 14177 | Lair:2   | XOM: enchant monster (bad)
 14185 | Lair:2   | Killed a harpy
 14186 | Lair:2   | Reached skill level 11 in Unarmed Combat
 14262 | Lair:2   | XOM: summons 2 hostile shadow creatures
 14402 | Lair:2   | XOM: give mutations
 14402 | Lair:2   | Lost mutation: You are dopey. (Int -2) [Xom's mischief]
 14402 | Lair:2   | Lost mutation: You have hidden genetic potential. [Xom's
                  | mischief]
 14670 | Lair:2   | Found the +5 glaive of the Guard {elec, spectral}
 14708 | Lair:3   | XOM: confuse monster(s)
 14717 | Lair:3   | Noticed a death yak
 14719 | Lair:3   | Noticed a death yak
 14721 | Lair:3   | XOM: summons friendly shadow imp
 14744 | Lair:3   | Noticed a death yak
 14744 | Lair:3   | XOM: confuse monster(s)
 14747 | Lair:3   | Noticed a death yak
 14755 | Lair:3   | Noticed a death yak
 14757 | Lair:3   | XOM: confuse monster(s)
 14759 | Lair:3   | Killed a death yak
 14760 | Lair:3   | Reached skill level 4 in Stealth
 14762 | Lair:3   | Killed a death yak
 14762 | Lair:3   | XOM: cast spell 'Summon Small Mammal'
 14764 | Lair:3   | Noticed a death yak
 14766 | Lair:3   | Gained mutation: Your thick and shaggy fur keeps you warm.
                  | (AC +3, rC+) [Felid growth]
 14766 | Lair:3   | Reached XP level 12. HP: 58/58 MP: 13/13
 14766 | Lair:3   | Noticed a death yak
 14767 | Lair:3   | Killed a death yak
 14768 | Lair:3   | Killed a death yak
 14769 | Lair:3   | Reached skill level 5 in Stealth
 14769 | Lair:3   | Noticed a death yak
 14771 | Lair:3   | XOM: summons 9 friendly demons
 14779 | Lair:3   | Killed a death yak
 14788 | Lair:3   | Killed a death yak
 14794 | Lair:3   | Killed a death yak
 14795 | Lair:3   | Reached skill level 11 in Dodging
 14796 | Lair:3   | XOM: summons 12 friendly demons
 14798 | Lair:3   | Killed a death yak
 14936 | Lair:3   | XOM: scenery: create altars
 14960 | Lair:3   | Noticed an eight-headed hydra
 15057 | Lair:3   | Reached skill level 11 in Shapeshifting
 15194 | Lair:3   | Found a hole to the Spider Nest.
 15194 | Lair:3   | XOM: enchant monster (bad)
 15209 | Lair:3   | Reached skill level 12 in Unarmed Combat
 15210 | Lair:3   | Reached skill level 11 in Fighting
 15218 | Lair:3   | XOM: cast spell 'Alistair's Intoxication'
 15335 | Lair:3   | XOM: confuse monster(s)
 15335 | Lair:3   | Killed an eight-headed hydra
 15364 | Lair:3   | XOM: cloud trail
 15434 | Lair:3   | XOM: divination: detect creatures
 15521 | Lair:3   | XOM: silly message
 15551 | Lair:3   | Reached skill level 12 in Dodging
 15552 | Lair:3   | XOM: noise
 15557 | Lair:4   | XOM: divination: detect creatures
 15694 | Lair:4   | Found a staircase to the Slime Pits.
 15695 | Lair:4   | Found a viscous altar of Jiyva.
 15829 | Lair:4   | Noticed a five-headed hydra
 15830 | Lair:4   | XOM: noise
 15836 | Lair:4   | Killed a five-headed hydra
 15860 | Lair:4   | XOM: divination: detect items
 15977 | Lair:4   | XOM: fake destruction
 16112 | Lair:4   | Found a runed translucent gate.
 16112 | Lair:4   | Found a runed translucent gate.
 16112 | Lair:4   | Found a runed translucent gate.
 16112 | Lair:4   | Noticed Gladio's ghost (journeyman DEHu)
 16134 | Lair:4   | Killed Gladio's ghost
 16214 | Lair:5   | Entered Level 5 of the Lair of Beasts
 16219 | Lair:5   | Reached XP level 13. HP: 64/64 MP: 14/14
 16221 | Lair:5   | XOM: destruction
 16293 | Lair:5   | XOM: summons 11 friendly demons
 16299 | Lair:5   | Reached skill level 12 in Shapeshifting
 16301 | Lair:5   | Lost mutation: You are partially covered in iridescent
                  | scales. (AC +2) [potion of mutation]
 16301 | Lair:5   | Lost mutation: Your flesh is cold resistant. (rC+) [potion
                  | of mutation]
 16301 | Lair:5   | Lost mutation: You occasionally lose the ability to drink
                  | potions when taking damage. [potion of mutation]
 16301 | Lair:5   | Gained mutation: You are partially covered in iridescent
                  | scales. (AC +2) [potion of mutation]
 16301 | Lair:5   | Gained mutation: You are frail. (-10% HP) [potion of
                  | mutation]
 16301 | Lair:5   | Gained mutation: You have a pair of small antennae on your
                  | head. [potion of mutation]
 16302 | Lair:5   | XOM: scenery: summon butterflies
 16302 | Lair:5   | XOM: smoke on damage
 16306 | Lair:5   | Reached skill level 12 in Fighting
 16405 | Lair:5   | XOM: destruction
 16412 | Lair:5   | XOM: scenery: create altars
 16639 | Lair:5   | XOM: potion effect (invisibility)
 16741 | Lair:5   | XOM: divination: detect items
 16744 | Lair:5   | XOM: divination: detect items
 16746 | Lair:5   | XOM: potion effect (heal wounds)
 16753 | Lair:5   | Reached skill level 13 in Shapeshifting
 16754 | Lair:5   | Reached skill level 13 in Fighting
 16837 | Lair:5   | XOM: divination: magic mapping
 16851 | Lair:5   | XOM: divination: detect creatures
 16861 | Lair:5   | XOM: cast spell 'Leda's Liquefaction'
 17095 | Lair:5   | XOM: divination: detect creatures
 17118 | Lair:5   | Reached skill level 14 in Fighting
 17516 | D:11     | XOM: divination: detect items
 17569 | D:11     | XOM: 5-stop teleportation journey
 17621 | D:11     | XOM: god gift: potion of haste
 17771 | D:11     | Found a sparkling altar of Nemelex Xobeh.
 17828 | D:11     | XOM: god gift: potion of haste
 17988 | D:11     | XOM: scenery: create altars
 18011 | D:10     | XOM: give mutations
 18011 | D:10     | Gained mutation: You have a somewhat thin skeletal
                  | structure. (Dex +2, Stealth+) [Xom's grace]
 18011 | D:10     | Lost mutation: You are frail. (-10% HP) [Xom's grace]
 18040 | Orc:1    | Entered Level 1 of the Orcish Mines
 18198 | Orc:2    | Entered Level 2 of the Orcish Mines
 18276 | Orc:1    | Reached skill level 15 in Fighting
 18295 | Orc:1    | Found Hastrud's Overcharged Wands.
 18305 | Orc:1    | Bought a wand of polymorph (18) for 378 gold pieces
 18313 | Orc:1    | Reached XP level 14. HP: 73/73 MP: 15/15
 18532 | Orc:2    | XOM: chaos upgrade
 18560 | Orc:2    | XOM: polymorph orc warrior -> howler monkey
 18594 | Orc:2    | Found a staircase to the Elven Halls.
 18652 | Orc:2    | XOM: summons 6 friendly demons
 18653 | Orc:2    | XOM: god gift: gnarled smoking staff {god gift}
 18656 | Orc:2    | Reached skill level 3 in Evocations
 18817 | Orc:2    | Noticed an orc warlord
 18817 | Orc:2    | XOM: 2-stop teleportation journey
 18823 | Orc:2    | XOM: god gift: orcbow {god gift}
 18904 | Orc:2    | an orc warlord changed into a minotaur
 18904 | Orc:2    | XOM: polymorph orc warlord -> minotaur
 18930 | Orc:2    | XOM: fog
 19075 | Orc:2    | XOM: noise
 19083 | Orc:2    | Reached skill level 4 in Evocations
 19121 | Orc:2    | XOM: 1-stop teleportation journey
 19122 | Orc:2    | XOM: confusion
 19125 | Orc:2    | Found Nussel's Distillery.
 19125 | Orc:2    | XOM: swap monsters
 19127 | Orc:2    | XOM: torment (47/109 hp)
 19150 | Orc:2    | XOM: give mutation
 19150 | Orc:2    | Gained mutation: Your mind is acute. (Int +4, Str/Dex -1)
                  | [Xom's mischief]
 19155 | Orc:2    | Bought a potion of heal wounds for 65 gold pieces
 19155 | Orc:2    | Bought a potion of heal wounds for 65 gold pieces
 19229 | Orc:2    | XOM: confusion
 19233 | Orc:2    | XOM: repel stairs
 19236 | Orc:2    | XOM: fog
 19296 | Orc:1    | XOM: polymorph orc warrior -> warg
 19312 | Orc:1    | XOM: give mutations
 19312 | Orc:1    | Lost mutation: Your mind is acute. (Int +4, Str/Dex -1)
                  | [Xom's mischief]
 19312 | Orc:1    | Gained mutation: Your flesh is cold resistant. (rC+) [Xom's
                  | mischief]
 19895 | Orc:2    | XOM: give mutations
 19895 | Orc:2    | Lost mutation: You are partially covered in iridescent
                  | scales. (AC +2) [Xom's mischief]
 19895 | Orc:2    | Gained mutation: You are somewhat resistant to further
                  | mutation. [Xom's mischief]
 19895 | Orc:2    | Lost mutation: Your system is resistant to poisons. (rPois)
                  | [Xom's mischief]
 19895 | Orc:2    | Gained mutation: You passively map a small area around you.
                  | [Xom's mischief]
 19909 | Orc:2    | Reached skill level 5 in Evocations
 19960 | Orc:2    | XOM: give mutations
 19960 | Orc:2    | Gained mutation: You are resistant to electric shocks.
                  | (rElec) [Xom's mischief]
 19960 | Orc:2    | Lost mutation: Your natural rate of healing is unusually
                  | fast. [Xom's mischief]
 19960 | Orc:2    | Lost mutation: You are somewhat resistant to further
                  | mutation. [Xom's mischief]
 20012 | Orc:2    | Found Nenk's Antique Weapon Emporium.
 20178 | Orc:2    | XOM: smoke on damage
 20198 | Orc:2    | Found Ohosucil's Weapon Shop.
 20205 | Orc:2    | XOM: chaos upgrade
 20225 | Orc:2    | Found Wewul's Weapon Boutique.
 20247 | Orc:2    | XOM: enchant monster (bad)
 20475 | Orc:2    | XOM: polymorph sun demon -> sixfirhy
 20477 | Orc:2    | Reached skill level 6 in Evocations
 20481 | Orc:2    | XOM: enchant monster (bad)
 21204 | D:1      | Bought a potion of curing for 42 gold pieces
 21204 | D:1      | Bought a potion of curing for 42 gold pieces
 21204 | D:1      | Bought a potion of haste for 140 gold pieces
 21231 | D:1      | XOM: scenery: create altars
 21321 | D:4      | Bought a potion of curing for 36 gold pieces
 21321 | D:4      | Bought a potion of curing for 36 gold pieces
 21331 | D:4      | XOM: cloud trail
 21454 | D:10     | XOM: scenery: summon butterflies
 21496 | D:12     | XOM: destruction
 21500 | D:12     | Reached skill level 13 in Dodging
 21502 | D:12     | Found a transporter.
 21576 | D:12     | XOM: god gift: 7 stones
 21604 | D:12     | XOM: 7-stop teleportation journey
 21612 | D:12     | Noticed Ralffi009's ghost (journeyman DrCj)
 21631 | D:12     | XOM: summons friendly iron imp
 21643 | D:12     | XOM: enchant monster (good)
 21663 | D:12     | XOM: god gift: 24 gold pieces
 21670 | D:12     | Reached skill level 7 in Evocations
 21711 | D:12     | XOM: silly message
 21731 | D:12     | Found a transporter.
 22121 | D:13     | XOM: summons 8 friendly demons
 22130 | D:13     | XOM: confuse monster(s)
 22135 | D:13     | XOM: smoke on damage
 22136 | D:13     | Noticed Frances
 22140 | D:13     | XOM: noise
 22143 | D:13     | XOM: scenery: summon butterflies
 22145 | D:13     | Killed Frances
 22155 | D:13     | XOM: silly message
 22159 | D:13     | XOM: enchant monster (bad)
 22171 | D:13     | XOM: summons friendly ufetubus
 22200 | D:13     | Reached skill level 8 in Evocations
 22486 | D:13     | Found a gate to the Vaults.
 22492 | D:13     | XOM: summons friendly white imp
 22505 | D:13     | Reached skill level 13 in Unarmed Combat
 22528 | D:13     | Noticed Kirke
 22533 | D:13     | Reached XP level 15. HP: 57/77 MP: 16/16
 22548 | D:13     | Killed Kirke
 22549 | D:13     | Reached skill level 14 in Shapeshifting
 22583 | D:13     | XOM: polymorph boulder beetle -> boulder beetle
 22585 | D:13     | XOM: summons 5 friendly demons
 22590 | D:13     | XOM: cast spell 'Call Canine Familiar'
 22601 | D:13     | XOM: cast spell 'Summon Cactus Giant'
 22626 | D:13     | XOM: smoke on damage
 22628 | D:13     | XOM: potion effect (curing)
 22629 | D:13     | XOM: confuse monster(s)
 22630 | D:13     | Reached skill level 14 in Dodging
 22899 | D:13     | XOM: polymorph boulder beetle -> shapeshifter
 23146 | D:14     | XOM: summons 2 friendly demons
 23204 | D:14     | XOM: enchant monster (bad)
 23270 | D:14     | XOM: divination: detect items
 23610 | D:15     | Entered Level 15 of the Dungeon
 23643 | D:15     | XOM: potion effect (brilliance)
 23741 | D:15     | Found a staircase to the Depths.
 23741 | D:15     | XOM: 1-stop teleportation journey
 23800 | D:15     | XOM: butterfly on damage
 23906 | D:15     | XOM: scenery: summon butterflies
 23926 | D:15     | XOM: 8-stop teleportation journey
 23930 | D:15     | XOM: enchant monster (good)
 23981 | D:15     | Identified a scroll of acquirement
 23982 | D:15     | Acquired the ring of Jobooth {rF+ Int+2}
 23992 | D:15     | XOM: summons friendly ufetubus
 24046 | D:15     | XOM: 1-stop teleportation journey
 24288 | D:15     | XOM: enchant monster (good)
 24291 | D:15     | XOM: divination: magic mapping
 24293 | D:15     | Reached skill level 15 in Dodging
 24604 | Shoals:1 | Entered Level 1 of the Shoals
 24622 | Shoals:1 | Reached skill level 14 in Unarmed Combat
 24806 | Shoals:1 | Reached skill level 15 in Shapeshifting
 24822 | Shoals:1 | XOM: potion effect (might)
 24908 | Shoals:1 | XOM: enchant monster (bad)
 25217 | Shoals:2 | Found the +7 sceptre of Torment {pain, torment}
 25290 | Shoals:2 | Reached skill level 15 in Unarmed Combat
 25415 | Shoals:2 | XOM: silly message
 25479 | Shoals:2 | XOM: divination: detect creatures
 25657 | Shoals:2 | Noticed a kraken
 25695 | Shoals:2 | Reached XP level 16. HP: 51/81 MP: 17/17
 25783 | Shoals:3 | XOM: 1-stop teleportation journey
 25843 | Shoals:3 | XOM: confuse monster(s)
 25893 | Shoals:3 | Noticed Ilsuiw
 25912 | Shoals:3 | Killed Ilsuiw
 25995 | Shoals:3 | XOM: enchant monster (bad)
 25999 | Shoals:3 | XOM: butterfly on damage
 26005 | Shoals:3 | Reached skill level 9 in Evocations
 26083 | Shoals:3 | XOM: 3-stop teleportation journey
 26096 | Shoals:3 | HP: 4/81 [merfolk impaler/+5 heavy trident (13)]
 26099 | Shoals:3 | Mangled by a merfolk impaler
 26390 | Shoals:3 | XOM: scenery: summon butterflies
 26516 | Spider:1 | Entered Level 1 of the Spider Nest
 26516 | Spider:1 | Noticed Azrael
 26517 | Spider:1 | XOM: god gift: 38 gold pieces
 26522 | Lair:3   | Killed Azrael
 26523 | Lair:3   | XOM: scenery: create altars
 26537 | Spider:1 | XOM: 1-stop teleportation journey
 26552 | Spider:1 | XOM: scenery: summon butterflies
 26556 | Spider:1 | XOM: confuse monster(s)
 26557 | Spider:1 | XOM: give mutations
 26557 | Spider:1 | Gained mutation: Your flesh is very cold resistant. (rC++)
                  | [Xom's grace]
 26557 | Spider:1 | Gained mutation: Your spells are a little harder to cast,
                  | but a little more powerful. [Xom's grace]
 26557 | Spider:1 | Gained mutation: You have an increased reservoir of magic.
                  | (+10% MP) [Xom's grace]
 26608 | Spider:1 | Reached skill level 16 in Dodging
 26727 | Spider:1 | XOM: divination: magic mapping
 26850 | Spider:1 | XOM: give mutations
 26850 | Spider:1 | Gained mutation: You passively dampen the noise of your
                  | surroundings. [Xom's grace]
 26850 | Spider:1 | Gained mutation: You are strong-willed. (Will+) [Xom's
                  | grace]
 26850 | Spider:1 | Gained mutation: Your natural rate of healing is unusually
                  | fast. [Xom's grace]
 26850 | Spider:1 | Gained mutation: You are partially covered in iridescent
                  | scales. (AC +2) [Xom's grace]
 26947 | Spider:1 | XOM: give mutations
 26947 | Spider:1 | Lost mutation: You are weak. (Str -2) [Xom's grace]
 26947 | Spider:1 | Gained mutation: You passively map the area around you.
                  | [Xom's grace]
 27208 | Spider:1 | XOM: potion effect (haste)
 27439 | Spider:2 | XOM: confuse monster(s)
 27440 | Abyss:3  | Cast into level 3 of the Abyss (Xom)
 27481 | Abyss:3  | XOM: divination: magic mapping
 27485 | Abyss:3  | Reached skill level 10 in Evocations
 27528 | Abyss:3  | Noticed a bone dragon
 27530 | Abyss:3  | XOM: fog
 27536 | Abyss:3  | Noticed a hellephant
 27536 | Abyss:3  | XOM: divination: detect items
 27560 | Abyss:3  | Found a corrupted altar of Lugonu.
 27578 | Abyss:3  | Found a corrupted altar of Lugonu.
 27578 | Abyss:3  | Noticed a tentacled starspawn
 27583 | Abyss:3  | Found a corrupted altar of Lugonu.
 27591 | Abyss:3  | Killed a tentacled starspawn
 27624 | Abyss:3  | XOM: destruction
 27635 | Abyss:3  | Reached skill level 6 in Stealth
 27642 | Abyss:3  | Got an abyssal rune of Zot
 27661 | Abyss:3  | Found a corrupted altar of Lugonu.
 27693 | Spider:2 | Escaped the Abyss
 27788 | Spider:2 | XOM: divine lightning
 27797 | Spider:2 | Reached skill level 16 in Fighting
 27799 | Spider:2 | Reached skill level 16 in Unarmed Combat
 27809 | Spider:2 | XOM: noise
 28061 | Spider:2 | XOM: 2-stop teleportation journey
 28072 | Spider:2 | XOM: divination: magic mapping
 28093 | Spider:2 | XOM: 3-stop teleportation journey
 28342 | Spider:3 | Reached skill level 7 in Stealth
 28362 | Spider:3 | Reached XP level 17. HP: 86/86 MP: 19/19
 28458 | Spider:3 | XOM: enchant monster (good)
 28516 | Spider:3 | Noticed Asterion
 28570 | Spider:3 | Killed Asterion
 28608 | Spider:3 | Reached skill level 17 in Dodging
 28688 | Spider:3 | XOM: cast spell 'Dispersal'
 28767 | Spider:3 | Reached skill level 8 in Stealth
 29200 | Spider:3 | XOM: noise
 29229 | Spider:3 | XOM: noise
 29357 | Spider:4 | Entered Level 4 of the Spider Nest
 29357 | Spider:4 | Noticed Louise
 29359 | Spider:4 | Reached skill level 11 in Evocations
 29361 | Spider:4 | Killed Louise
 29387 | Spider:4 | XOM: 2-stop teleportation journey
 29396 | Spider:4 | XOM: enchant monster (good)
 29522 | Spider:4 | XOM: enchant monster (bad)
 29530 | Spider:4 | Noticed Arachne
 29539 | Spider:4 | Killed Arachne
 29588 | Spider:4 | Identified the +1 hand axe "Bidigia" {freeze, Int+3}
 29661 | Spider:4 | XOM: god gift: ring mail {god gift}
 29742 | Spider:4 | XOM: potion effect (might)
 29748 | Spider:4 | Reached skill level 9 in Stealth
 29797 | Spider:4 | XOM: confuse monster(s)
 29827 | Spider:4 | XOM: divination: detect items
 29833 | Spider:4 | XOM: silly message
 29836 | Spider:4 | XOM: potion effect (curing)
 29868 | Spider:4 | XOM: divination: detect items
 29893 | Spider:4 | XOM: potion effect (haste)
 29897 | Spider:4 | XOM: potion effect (berserk rage)
 29930 | Spider:4 | Found the +3 crown of Dyrovepreva {rElec Int+2 SInv}
 30018 | Spider:4 | HP: 1/87 [broodmother (5)]
 30227 | Spider:4 | XOM: potion effect (might)
 30423 | Spider:4 | XOM: potion effect (berserk rage)
 30709 | Spider:4 | Got a gossamer rune of Zot
 30843 | Lair:1   | XOM: divination: magic mapping
 30940 | Lair:5   | Reached skill level 10 in Stealth
 30999 | Lair:5   | Found a large runed translucent door.
 31067 | Lair:5   | XOM: divination: detect creatures
 31077 | Lair:5   | XOM: enchant monster (good)
 31101 | Lair:5   | Found a large runed translucent door.
 31112 | Lair:5   | Reached skill level 12 in Evocations
 31339 | Lair:5   | XOM: noise
 31637 | Vaults:1 | Identified the "Kenaf"
 31637 | Elf:1    | Identified the "Geba"
 31637 | Elf:1    | Identified the "Burigiad"
 31637 | Elf:1    | Entered Level 1 of the Elven Halls
 31642 | Elf:1    | Paralysed by an air elemental for 1 turns
 31651 | Elf:1    | Reached skill level 18 in Dodging
 31658 | Elf:1    | Found a radiant altar of Vehumet.
 31698 | Elf:1    | XOM: enchant monster (good)
 31703 | Elf:1    | XOM: summons 2 friendly demons
 31731 | Elf:1    | Found a runed translucent gate.
 31732 | Elf:1    | Found a runed translucent gate.
 31732 | Elf:1    | Found a runed translucent gate.
 31734 | Elf:1    | Noticed a tentacled monstrosity
 31736 | Elf:1    | Noticed a tentacled monstrosity
 31736 | Elf:1    | Noticed a tentacled monstrosity
 31736 | Elf:1    | Noticed a tentacled monstrosity
 31750 | Elf:1    | Reached skill level 17 in Fighting
 31818 | Elf:1    | Reached skill level 17 in Unarmed Combat
 31818 | Elf:1    | Reached XP level 18. HP: 57/92 MP: 20/20
 32160 | Elf:1    | XOM: scenery: create altars
 32226 | Elf:1    | XOM: cleaving
 32265 | Elf:1    | XOM: stat loss: -1 Dex (28/29)
 32277 | Elf:1    | XOM: 1-stop teleportation journey
 32419 | Elf:1    | XOM: 2-stop teleportation journey
 32439 | Elf:1    | XOM: silly message
 32536 | Elf:1    | Killed from afar by a deep elf pyromancer
 32567 | Elf:1    | XOM: enchant monster (bad)
 32576 | Elf:1    | XOM: polymorph deep elf pyromancer -> glowing orange brain
 32578 | Elf:1    | XOM: smoke on damage
 32582 | Elf:1    | XOM: swap monsters
 32659 | Elf:1    | Found Suxkeisass's Weapon Boutique.
 32729 | Elf:1    | Found a radiant altar of Vehumet.
 32842 | Elf:1    | XOM: summons 1 hostile demon
 32869 | Elf:1    | XOM: give mutations
 32869 | Elf:1    | Lost mutation: Your flesh is very cold resistant. (rC++)
                  | [Xom's mischief]
 32869 | Elf:1    | Gained mutation: You are mostly covered in iridescent
                  | scales. (AC +4) [Xom's mischief]
 33359 | Vaults:1 | Entered Level 1 of the Vaults
 33442 | Vaults:1 | HP: 3/93 [poisoned by an orc knight]
 33457 | Vaults:1 | XOM: give mutations
 33457 | Vaults:1 | Gained mutation: You are partially covered in large bone
                  | plates. (SH +4) [Xom's grace]
 33457 | Vaults:1 | Gained mutation: You are robust. (+10% HP) [Xom's grace]
 33505 | Vaults:1 | Reached skill level 19 in Dodging
 33543 | Vaults:1 | Found a flickering gateway to a bazaar.
 33551 | Bazaar   | Entered a bazaar
 33567 | Bazaar   | Found Cithelin's Magic Scroll Boutique.
 33571 | Bazaar   | Found Cufemog's Armour Boutique.
 33571 | Bazaar   | Found Xebu's Antique Weapon Boutique.
 33572 | Bazaar   | Found Bily's Antique Armour Boutique.
 33605 | Bazaar   | Bought a scroll of teleportation for 33 gold pieces
 33605 | Bazaar   | Bought a scroll of revelation for 82 gold pieces
 33605 | Bazaar   | Bought a scroll of teleportation for 33 gold pieces
 33605 | Bazaar   | Bought a scroll of teleportation for 33 gold pieces
 33605 | Bazaar   | Bought a scroll of fog for 44 gold pieces
 33605 | Bazaar   | Bought a scroll of immolation for 44 gold pieces
 33799 | Vaults:1 | XOM: god gift: ring mail {god gift}
 33982 | Vaults:1 | XOM: noise
 34029 | Vaults:1 | XOM: 1-stop teleportation journey
 34107 | Vaults:1 | XOM: cast spell 'Cause Fear'
 34148 | Vaults:1 | XOM: scenery: summon butterflies
 34317 | Vaults:1 | Noticed Donald
 34320 | Vaults:1 | Killed Donald
 34430 | Vaults:1 | Identified the +4 scale mail of the Ward {rN+ Regen+ Int-3
                  | Dex+3}
 34499 | Vaults:1 | XOM: confuse monster(s)
 34513 | Vaults:1 | XOM: give mutations
 34513 | Vaults:1 | Gained mutation: You expend magic power (3 MP) to
                  | strengthen your wands. [Xom's grace]
 34513 | Vaults:1 | Gained mutation: Your flesh is very cold resistant. (rC++)
                  | [Xom's grace]
 34513 | Vaults:1 | Gained mutation: You are very robust. (+20% HP) [Xom's
                  | grace]
 34517 | Vaults:1 | XOM: divine lightning
 34520 | Vaults:1 | XOM: god gift: amulet of guardian spirit
 34526 | Vaults:1 | XOM: smoke on damage
 34637 | Vaults:1 | Identified the ring of Xom's Entertainment {rC+ rCorr Str+7
                  | Int+3} (Xom gifted it to you on level 1 of the Vaults)
 34637 | Vaults:1 | XOM: god gift: ring of Xom's Entertainment {rC+ rCorr Str+7
                  | Int+3}
 34745 | Vaults:2 | Reached skill level 18 in Fighting
 34772 | Vaults:2 | You fall into a shaft and drop 2 floors!
 34864 | Vaults:2 | XOM: cloud trail
 34943 | Vaults:2 | Reached skill level 18 in Unarmed Combat
 35022 | Vaults:2 | XOM: silly message
 35034 | Vaults:2 | XOM: potion effect (haste)
 35035 | Vaults:2 | XOM: silly message
 35087 | Vaults:2 | XOM: silly message
 35150 | Vaults:2 | Found a portal to a secret trove of treasure.
 35170 | Vaults:2 | XOM: 2-stop teleportation journey
 35211 | Vaults:2 | XOM: silly message
 35255 | Vaults:2 | Found a staircase to the Crypt.
 35322 | Vaults:2 | Noticed Mennas
 35602 | Vaults:2 | Reached skill level 20 in Dodging
 35617 | Vaults:2 | XOM: cleaving
 35623 | Vaults:2 | XOM: divine lightning
 35631 | Vaults:2 | Reached XP level 19. HP: 114/117 MP: 12/21
 35649 | Vaults:2 | XOM: cloud trail
 35772 | Vaults:2 | XOM: summons 4 hostile demons
 36010 | Vaults:3 | XOM: cloud trail
 36068 | Vaults:3 | Found Heffo's Assorted Antiques.
 36196 | Vaults:3 | XOM: 2-stop teleportation journey
 36408 | Vaults:3 | XOM: give mutations
 36408 | Vaults:3 | Lost mutation: Your natural rate of healing is unusually
                  | fast. [Xom's mischief]
 36408 | Vaults:3 | Lost mutation: You have a somewhat thin skeletal structure.
                  | (Dex +2, Stealth+) [Xom's mischief]
 36408 | Vaults:3 | Lost mutation: Your spells are a little harder to cast, but
                  | a little more powerful. [Xom's mischief]
 36408 | Vaults:3 | Lost mutation: You are strong-willed. (Will+) [Xom's
                  | mischief]
 36523 | Vaults:3 | XOM: confusion (+ monsters)
 36534 | Vaults:3 | XOM: summons friendly shadow imp
 36536 | Vaults:3 | XOM: potion effect (invisibility)
 36571 | Vaults:3 | Identified the +4 leather armour of the Merchant {+Blink
                  | Will+++ Dex-4 Slay+3}
 36761 | Vaults:3 | XOM: confuse monster(s)
 36790 | Vaults:3 | Reached skill level 19 in Fighting
 36873 | Vaults:3 | Found a runed translucent gate.
 36873 | Vaults:3 | Found a runed translucent gate.
 36873 | Vaults:3 | Found a runed translucent gate.
 36873 | Vaults:3 | Noticed deprived's ghost (veteran HOFi)
 36873 | Vaults:3 | Noticed Ugguttuj's ghost (veteran DrWn)
 36873 | Vaults:3 | Noticed DizzySkin's ghost (veteran MiBe)
 36874 | Vaults:3 | Noticed Faydane's ghost (veteran HuFi)
 36874 | Vaults:3 | Noticed handsome's ghost (veteran OpWn)
 36906 | Vaults:3 | Reached skill level 19 in Unarmed Combat
 36983 | Vaults:3 | XOM: chaos upgrade
 37272 | Vaults:4 | XOM: confuse monster(s)
 37825 | Vaults:4 | XOM: summons friendly shadow imp
 37873 | Vaults:4 | Noticed Bai Suzhen
 37883 | Vaults:4 | Killed Bai Suzhen
 37973 | Vaults:4 | XOM: summons friendly white imp
 37993 | Vaults:4 | XOM: polymorph shadow imp -> crimson imp
 38003 | Vaults:4 | XOM: noise
 38017 | Vaults:4 | XOM: scenery: 1 doors open
 38255 | Vaults:4 | XOM: scenery: create altars
 38266 | Vaults:4 | XOM: give mutations
 38266 | Vaults:4 | Gained mutation: Your flesh is almost immune to the effects
                  | of cold. (rC+++) [Xom's grace]
 38266 | Vaults:4 | Gained mutation: Your muscles are strong. (Str +4, Int/Dex
                  | -1) [Xom's grace]
 38266 | Vaults:4 | Gained mutation: You are agile. (Dex +4, Str/Int -1) [Xom's
                  | grace]
 38266 | Vaults:4 | Gained mutation: You are very agile. (Dex +8, Str/Int -2)
                  | [Xom's grace]
 38339 | Vaults:4 | XOM: 1-stop teleportation journey
 38373 | Vaults:4 | Noticed Margery
 38396 | Vaults:4 | XOM: summons 3 hostile shadow creatures
 38444 | Vaults:4 | Killed Margery
 38456 | Vaults:4 | XOM: silly message
 38575 | Vaults:4 | Identified the serpent talisman "Cukim" {rC- Slay+4}
 38575 | Vaults:4 | Noticed Aizul
 38580 | Vaults:4 | Reached skill level 20 in Fighting
 38594 | Vaults:4 | Killed Aizul
 38595 | Vaults:4 | Reached skill level 20 in Unarmed Combat
 38742 | Vaults:4 | XOM: silly message
 38864 | Vaults:4 | XOM: silly message
 38906 | Vaults:4 | XOM: silly message
 38983 | Vaults:4 | Reached XP level 20. HP: 126/126 MP: 17/23
 39159 | Vaults:4 | XOM: silly message
 39248 | Vaults:4 | XOM: divination: detect items
 39399 | Vaults:4 | XOM: silly message
 39703 | Shoals:4 | Entered Level 4 of the Shoals
 40207 | Shoals:4 | Reached skill level 16 in Shapeshifting
 40221 | Shoals:4 | XOM: god gift: wand of roots (4)
 40381 | Shoals:4 | Identified the amulet of the Quahog {RegenMP Dex+3}
 40465 | Shoals:4 | Identified the ring "Viasomagh" {rF+ Dex+3}
 40465 | Shoals:4 | Identified the +5 scale mail "Kusicita" {Int+5}
 40466 | Shoals:4 | XOM: summons 16 friendly demons
 40466 | Shoals:4 | Identified the ring of Yhuliqim {Fly rElec rF+ rCorr
                  | Slay-3}
 40722 | Shoals:4 | Got a barnacled rune of Zot
 40747 | Shoals:4 | Identified the amulet of Ciugod {Reflect rN+ SH+5} (Xom
                  | gifted it to you on level 4 of the Shoals)
 40747 | Shoals:4 | XOM: god gift: amulet of Ciugod {Reflect rN+ SH+5}
 40968 | Shoals:4 | Reached skill level 17 in Shapeshifting
 41145 | Shoals:4 | XOM: fake destruction
 41147 | Shoals:4 | XOM: polymorph merfolk javelineer -> ghost moth
 41154 | Shoals:4 | XOM: enchant monster (good)
 41394 | Shoals:2 | XOM: 4-stop teleportation journey
 41592 | D:13     | XOM: summons 2 hostile demons
 41799 | Elf:2    | Found Suotwa's Weapon Shop.
 41805 | Elf:2    | Found Acleatat's Antique Armour Boutique.
 41806 | Elf:2    | XOM: summons 6 friendly demons
 41816 | Elf:2    | Reached skill level 1 in Hexes
 41820 | Elf:2    | XOM: divine lightning
 41821 | Elf:2    | XOM: stat loss: -1 Str (9/10)
 41833 | Elf:2    | XOM: give mutations
 41833 | Elf:2    | Lost mutation: You are mostly covered in iridescent scales.
                  | (AC +4) [Xom's mischief]
 41833 | Elf:2    | Lost mutation: You have an increased reservoir of magic.
                  | (+10% MP) [Xom's mischief]
 41933 | Elf:2    | Found Daaghi's Armour Shop.
 41950 | Elf:2    | Learned a level 4 spell: Vhi's Electric Charge
 41951 | Elf:2    | Found a huge runed translucent gate.
 41951 | Elf:2    | Found a huge runed translucent gate.
 41951 | Elf:2    | Found a huge runed translucent gate.
 41951 | Elf:2    | Found a huge runed translucent gate.
 41951 | Elf:2    | Found a huge runed translucent gate.
 41951 | Elf:2    | Found a huge runed translucent gate.
 41951 | Elf:2    | Identified the +4 double sword of Ogik {flame, rF- Int+6
                  | Dex+3}
 41951 | Elf:2    | XOM: 1-stop teleportation journey
 41962 | Elf:2    | Found a huge runed translucent gate.
 41962 | Elf:2    | Found a huge runed translucent gate.
 41964 | Elf:2    | Identified the +2 double sword of Moma {pain, rPois rC+++
                  | Int-3 SInv}
 41993 | Elf:2    | Found Anway's Assorted Antiques.
 41998 | Elf:2    | XOM: silly message
 42011 | Elf:2    | Reached skill level 1 in Translocations
 42027 | Elf:2    | Reached skill level 1 in Air Magic
 42128 | Elf:2    | Bought a wand of roots (6) for 403 gold pieces
 42128 | Elf:2    | Bought a scroll of poison for 112 gold pieces
 42132 | Elf:2    | Found Ijoklixi's Book Shoppe.
 42237 | Elf:2    | Reached skill level 2 in Translocations
 42330 | Elf:2    | Reached skill level 3 in Translocations
 42367 | Elf:2    | Found a runed translucent gate.
 42368 | Elf:2    | Found a runed translucent gate.
 42369 | Elf:2    | Found a runed translucent gate.
 42632 | Elf:3    | Identified the "Abis"
 42632 | Elf:3    | Entered Level 3 of the Elven Halls
 42647 | Elf:3    | Reached skill level 2 in Air Magic
 42770 | Elf:3    | Reached skill level 4 in Translocations
 42830 | Elf:3    | Found an ancient bone altar of Kikubaaqudgha.
 43046 | Elf:3    | Reached skill level 3 in Air Magic
 43088 | Elf:3    | Found Axous's Book Shop.
 43089 | Elf:3    | Found Olosed's Jewellery Emporium.
 43090 | Elf:3    | Found Zauhof's Book Shop.
 43117 | Elf:3    | Reached skill level 5 in Translocations
 43120 | Elf:3    | XOM: 2-stop teleportation journey
 43159 | Elf:3    | XOM: confusion
 43389 | Elf:3    | Reached skill level 6 in Translocations
 43725 | Elf:3    | Reached skill level 4 in Air Magic
 43776 | Elf:3    | XOM: summons friendly quasit
 43841 | Elf:3    | Reached skill level 7 in Translocations
 44052 | Elf:3    | XOM: enchant monster (good)
 44094 | Elf:3    | Reached skill level 8 in Translocations
 44094 | Elf:3    | Reached skill level 5 in Air Magic
 44175 | Elf:3    | Reached skill level 9 in Translocations
 44222 | Elf:3    | Reached XP level 21. HP: 70/130 MP: 6/22
 44331 | Elf:3    | Reached skill level 10 in Translocations
 44611 | Elf:3    | Identified the +2 quarterstaff of Focus {holy, Fragile Fly
                  | rPois rN+++}
 44611 | Elf:3    | Identified the +8 plate armour "Gaevedups" {Int+5 Stlth+}
 44612 | Elf:3    | Reached skill level 1 in Spellcasting
 44618 | Elf:3    | XOM: confuse monster(s)
 44683 | Elf:3    | XOM: give mutation
 44683 | Elf:3    | Gained mutation: Your natural rate of healing is unusually
                  | fast. [Xom's grace]
 44720 | Elf:3    | XOM: 2-stop teleportation journey
 44736 | Elf:3    | Reached skill level 2 in Spellcasting
 44736 | Elf:3    | Identified the +10 quarterstaff "Fiukk" {venom, *Slow rCorr
                  | Str+8 Int-2}
 44745 | Elf:3    | Reached skill level 11 in Translocations
 44751 | Elf:3    | XOM: summons 3 friendly demons
 44986 | Elf:3    | Found the sphere of Battle
 44996 | Elf:3    | Identified the ring of Xeunn {rC+ Int+6}
 45033 | Elf:3    | Identified the staff "Xaceyr" {rF- rN+ Str+5 Necro}
 45038 | Elf:3    | Identified the staff of Dutraf Uxzu {rF+ rC+ Fire}
 45222 | Elf:1    | XOM: give mutations
 45222 | Elf:1    | Lost mutation: You expend magic power (3 MP) to strengthen
                  | your wands. [Xom's mischief]
 45222 | Elf:1    | Lost mutation: You are resistant to electric shocks.
                  | (rElec) [Xom's mischief]
 45222 | Elf:1    | Lost mutation: Your muscles are strong. (Str +4, Int/Dex
                  | -1) [Xom's mischief]
 45404 | Depths:1 | Entered Level 1 of the Depths
 45409 | Depths:1 | XOM: confuse monster(s)
 45414 | Depths:1 | Reached skill level 3 in Spellcasting
 45501 | Depths:1 | XOM: 2-stop teleportation journey
 45518 | Depths:1 | XOM: enchant monster (good)
 45521 | Depths:1 | XOM: cast spell 'Summon Horrible Things'
 45525 | Depths:1 | Reached skill level 12 in Translocations
 45526 | Depths:1 | Reached skill level 4 in Spellcasting
 45607 | Depths:1 | XOM: scenery: summon butterflies
 45833 | Depths:1 | XOM: give mutations
 45833 | Depths:1 | Gained mutation: You are extremely robust. (+30% HP) [Xom's
                  | grace]
 45833 | Depths:1 | Gained mutation: You have hidden genetic potential. [Xom's
                  | grace]
 45919 | Depths:1 | Reached skill level 5 in Spellcasting
 46065 | Depths:1 | Found a gateway to Hell.
 46066 | Depths:1 | Reached skill level 13 in Translocations
 46096 | Depths:1 | Found a one-way gate to the infinite horrors of the Abyss.
 46294 | Depths:1 | Found a shadowy altar of Dithmenos.
 46456 | Depths:1 | XOM: divination: detect creatures
 46614 | Depths:3 | XOM: scenery: 2 doors open
 46683 | Depths:3 | XOM: god gift: 52 gold pieces
 46738 | Depths:3 | Noticed a golden dragon
 46748 | Depths:3 | XOM: enchant monster (good)
 46752 | Depths:3 | Killed a golden dragon
 46782 | Depths:3 | Reached skill level 14 in Translocations
 46874 | Depths:3 | Found a glowing silver altar of Zin.
 46881 | Depths:3 | XOM: divination: magic mapping
 46953 | Depths:3 | Noticed a juggernaut
 46955 | Depths:3 | XOM: polymorph frost giant -> glowing shapeshifter
 46957 | Depths:3 | XOM: polymorph slime creature -> glowing shapeshifter
 46979 | Depths:3 | XOM: divination: detect items
 46981 | Depths:3 | Killed a juggernaut
 46981 | Depths:3 | XOM: polymorph shadow dragon -> eleionoma
 46990 | Depths:3 | Reached skill level 15 in Translocations
 47159 | Depths:3 | Found a corrupted altar of Lugonu.
 47639 | Depths:3 | Reached skill level 16 in Translocations
 47641 | Depths:3 | XOM: give mutations
 47641 | Depths:3 | Lost mutation: You passively dampen the noise of your
                  | surroundings. [Xom's mischief]
 47641 | Depths:3 | Lost mutation: You are very agile. (Dex +8, Str/Int -2)
                  | [Xom's mischief]
 48199 | Depths:3 | XOM: give mutations
 48199 | Depths:3 | Lost mutation: Your natural rate of healing is unusually
                  | fast. [Xom's mischief]
 48199 | Depths:3 | Gained mutation: You occasionally lose the ability to drink
                  | potions when taking damage. [Xom's mischief]
 48199 | Depths:3 | Lost mutation: You are partially covered in iridescent
                  | scales. (AC +2) [Xom's mischief]
 48216 | Depths:4 | Entered Level 4 of the Depths
 48216 | Depths:4 | Noticed a golden dragon
 48219 | Depths:4 | XOM: silly message
 48225 | Depths:4 | Killed a golden dragon
 48227 | Depths:4 | XOM: repel stairs
 48236 | Depths:4 | XOM: enchant monster (good)
 48239 | Depths:4 | XOM: swap monsters
 48259 | Depths:4 | XOM: swap monsters
 48283 | Depths:4 | XOM: polymorph iron troll -> shadow dragon
 48301 | Depths:4 | Reached skill level 17 in Translocations
 48425 | Depths:4 | XOM: swap monsters
 48447 | Depths:4 | XOM: confuse monster(s)
 48696 | Depths:4 | Noticed a golden dragon
 48700 | Depths:4 | Noticed Parghit
 48707 | Depths:4 | XOM: enchant monster (good)
 48714 | Depths:4 | Killed a golden dragon
 48716 | Depths:4 | XOM: cast spell 'Call Canine Familiar'
 48726 | Depths:4 | Killed Parghit
 48727 | Depths:4 | Reached skill level 18 in Translocations
 48831 | Depths:4 | XOM: noise
 48853 | Depths:4 | Found a gate to the Realm of Zot.
 48954 | Depths:4 | XOM: smoke on damage
 49031 | Depths:4 | XOM: potion effect (might)
 49033 | Depths:4 | XOM: confuse monster(s)
 49050 | Depths:4 | Reached XP level 22. HP: 60/148 MP: 27/30
 49065 | Depths:4 | XOM: 1-stop teleportation journey
 49066 | Depths:4 | XOM: polymorph ice dragon -> spark wasp
 49119 | Depths:3 | XOM: god gift: 19 gold pieces
 49135 | Depths:4 | Reached skill level 19 in Translocations
 49179 | Depths:4 | XOM: 2-stop teleportation journey
 49217 | Depths:4 | XOM: give mutations
 49217 | Depths:4 | Gained mutation: A frigid envelope surrounds you and
                  | freezes all who hurt you. [Xom's grace]
 49217 | Depths:4 | Gained mutation: You are strong-willed. (Will+) [Xom's
                  | grace]
 49217 | Depths:4 | Gained mutation: You have great hidden genetic potential.
                  | [Xom's grace]
 49217 | Depths:4 | Lost mutation: You have great hidden genetic potential.
                  | [Xom's grace]
 49217 | Depths:4 | Lost mutation: You have hidden genetic potential. [Xom's
                  | grace]
 49217 | Depths:4 | Gained mutation: You are somewhat resistant to further
                  | mutation. [Xom's grace]
 49290 | Depths:4 | XOM: 2-stop teleportation journey
 49478 | Depths:4 | XOM: give mutations
 49478 | Depths:4 | Gained mutation: You passively map a large area around you.
                  | [Xom's grace]
 49478 | Depths:4 | Gained mutation: You possess an exceptional clarity of
                  | mind. [Xom's grace]
 49478 | Depths:4 | Gained mutation: Your system is resistant to poisons.
                  | (rPois) [Xom's grace]
 49606 | Depths:4 | Noticed a caustic shrike
 49607 | Depths:4 | Noticed a caustic shrike
 49608 | Depths:4 | Noticed a caustic shrike
 49629 | Depths:4 | XOM: summons friendly iron imp
 49633 | Depths:4 | Killed a caustic shrike
 49634 | Depths:4 | XOM: confuse monster(s)
 49636 | Depths:4 | Killed a caustic shrike
 49638 | Depths:4 | Killed a caustic shrike
 49639 | Depths:4 | Reached skill level 20 in Translocations
 49767 | Depths:4 | XOM: cast spell 'Discord'
 49930 | Crypt:1  | Entered Level 1 of the Crypt
 49983 | Crypt:1  | XOM: destruction
 50070 | Crypt:1  | XOM: summons 11 friendly demons
 50081 | Crypt:1  | Reached skill level 21 in Translocations
 50084 | Crypt:1  | XOM: summons 6 friendly demons
 50116 | Crypt:1  | XOM: cleaving
 50129 | Crypt:1  | Learned a level 6 spell: Dispersal
 50155 | Crypt:1  | XOM: god gift: 55 gold pieces
 50372 | Crypt:1  | XOM: divination: magic mapping
 50446 | Crypt:1  | XOM: noise
 50470 | Crypt:1  | Reached skill level 22 in Translocations
 50919 | Crypt:2  | XOM: chaos cloud
 50987 | Crypt:2  | Reached skill level 23 in Translocations
 51012 | Crypt:2  | XOM: swap monsters
 51036 | Crypt:2  | XOM: summons 3 hostile demons
 51120 | Crypt:2  | XOM: noise
 51174 | Crypt:2  | Identified the ring "Ana Upiab" {Ice *Corrode Will+ Stlth+}
 51174 | Crypt:2  | Noticed Josephina
 51193 | Crypt:2  | Killed Josephina
 51473 | Crypt:2  | Found the ring of Shadows {Umbra +Inv Stlth+}
 51504 | Crypt:2  | Reached skill level 24 in Translocations
 51742 | Crypt:3  | Entered Level 3 of the Crypt
 51799 | Crypt:3  | XOM: potion effect (haste)
 51820 | Crypt:3  | XOM: divination: magic mapping
 51986 | Crypt:3  | XOM: enchant monster (bad)
 51995 | Crypt:3  | XOM: noise
 52003 | Crypt:3  | Reached skill level 25 in Translocations
 52040 | Crypt:3  | XOM: potion effect (might)
 52053 | Crypt:3  | Reached XP level 23. HP: 152/152 MP: 31/31
 52055 | Crypt:3  | XOM: confuse monster(s)
 52099 | Crypt:3  | Found a basalt altar of Yredelemnul.
 52132 | Crypt:3  | Noticed Jory
 52143 | Crypt:3  | XOM: cast spell 'Leda's Liquefaction'
 52145 | Crypt:3  | Reached skill level 26 in Translocations
 52148 | Crypt:3  | XOM: confuse monster(s)
 52168 | Crypt:3  | Killed Jory
 52222 | Crypt:3  | Identified the staff "Keudon" {Int-5 Fire Ice Earth}
 52519 | Crypt:3  | XOM: confuse monster(s)
 52523 | Crypt:3  | XOM: enchant monster (good)
 52779 | Crypt:3  | Reached skill level 27 in Translocations
 52822 | Crypt:3  | XOM: god gift: potion of degeneration
 52877 | Crypt:3  | XOM: god gift: boomerang
 52910 | Crypt:3  | Noticed an ancient lich
 52912 | Crypt:3  | Killed an ancient lich
 53135 | Crypt:3  | Found a staircase to the Tomb.
 53377 | Vaults:5 | Entered Level 5 of the Vaults
 53382 | Vaults:5 | Reached skill level 18 in Shapeshifting
 53395 | Vaults:5 | XOM: polymorph iron dragon -> titan
 53405 | Vaults:5 | XOM: polymorph brown ugly thing -> green ugly thing
 53408 | Vaults:5 | XOM: silly message
 53455 | Vaults:5 | XOM: 2-stop teleportation journey
 53741 | Vaults:5 | Identified the +10 scale mail of Paenaq {Will+ rCorr}
 53783 | Vaults:5 | XOM: summons 9 friendly demons
 53786 | Vaults:5 | Reached skill level 19 in Shapeshifting
 53788 | Vaults:5 | XOM: polymorph shadow imp -> quasit
 54036 | Crypt:2  | XOM: god gift: datura-tipped dart
 54188 | Vaults:5 | XOM: smoke on damage
 54201 | Abyss:3  | Cast into level 3 of the Abyss (hell knight)
 54201 | Vaults:5 | Escaped the Abyss
 54201 | Vaults:5 | XOM: revert banishment
 54209 | Vaults:5 | XOM: noise
 54212 | Vaults:5 | XOM: divine lightning
 54273 | Vaults:5 | XOM: scenery: create altars
 54295 | Vaults:5 | XOM: god gift: +1 ring mail of poison resistance
 54372 | Vaults:5 | Reached skill level 20 in Shapeshifting
 54373 | Vaults:5 | Identified the +4 plate armour of Aschegea {rPois Str+2}
 54384 | Vaults:5 | XOM: polymorph golden dragon -> shadow dragon
 54471 | Vaults:5 | Reached XP level 24. HP: 158/158 MP: 31/31
 54520 | Vaults:5 | Got a silver rune of Zot
 54601 | Vaults:5 | XOM: scenery: create altars
 54605 | Vaults:5 | XOM: swap monsters
 54630 | Vaults:5 | Learned a level 2 spell: Blink
 54633 | Vaults:5 | Learned a level 2 spell: Lesser Beckoning
 54642 | Vaults:5 | Learned a level 8 spell: Disjunction
 54939 | Vaults:5 | XOM: give mutation
 54939 | Vaults:5 | Gained mutation: You expend magic power (3 MP) to
                  | strengthen your wands. [Xom's grace]
 54982 | Vaults:5 | XOM: chaos cloud
 54996 | Vaults:5 | XOM: swap monsters
 55015 | Vaults:5 | Identified the ring of the Enemy {Fire rPois rN+ rCorr
                  | Int-2}
 55349 | Vaults:5 | XOM: polymorph tengu reaver -> iron giant
 55423 | Vaults:5 | XOM: fog
 55662 | Zot:1    | Entered Level 1 of the Realm of Zot
 55663 | Zot:1    | Noticed asdu's ghost (legendary FoFi)
 55663 | Zot:1    | Found a runed translucent door.
 55754 | Zot:3    | XOM: cast spell 'Discord'
 55780 | Zot:3    | XOM: scenery: summon butterflies
 55789 | Zot:3    | XOM: summons 3 friendly demons
 55803 | Zot:3    | XOM: summons 2 friendly demons
 55815 | Zot:3    | XOM: fog
 55823 | Zot:3    | XOM: confuse monster(s)
 55829 | Zot:3    | XOM: divine lightning
 55835 | Zot:3    | Reached skill level 21 in Dodging
 55856 | Zot:3    | XOM: divination: detect items
 55896 | Zot:3    | Noticed an orb of fire
 55905 | Zot:3    | XOM: confuse monster(s)
 55906 | Zot:3    | Gained mutation: You are dopey. (Int -2) [an orb of fire]
 55913 | Zot:3    | Killed an orb of fire
 56316 | Elf:3    | Bought a book of Party Tricks for 440 gold pieces
 56318 | Elf:3    | Learned a level 1 spell: Apportation
 56690 | Zot:4    | XOM: noise
 56736 | Zot:5    | Entered Level 5 of the Realm of Zot
 56744 | Zot:5    | Found a runed translucent door.
 56747 | Zot:5    | Noticed Raoceuw's ghost (master NaVM)
 56974 | Zot:5    | XOM: fog
 57210 | Zot:5    | XOM: destruction
 57237 | Zot:5    | Reached skill level 21 in Fighting
 57242 | Zot:5    | XOM: summons 16 friendly demons
 57247 | Zot:5    | Reached skill level 21 in Unarmed Combat
 57247 | Zot:5    | Reached skill level 21 in Shapeshifting
 57384 | Zot:5    | Noticed an orb of fire
 57384 | Zot:5    | Noticed an orb of fire
 57384 | Zot:5    | Noticed a Killer Klown
 57384 | Zot:5    | Noticed a Killer Klown
 57385 | Zot:5    | Noticed an orb of fire
 57388 | Zot:5    | Got the Orb of Zot
 57424 | Zot:5    | XOM: enchant monster (good)
 57645 | D:13     | XOM: enchant monster (bad)
 57767 | D:6      | Noticed Pifelipp the pandemonium lord
 57838 | D:3      | Noticed Keschom the pandemonium lord
 57938 | D:$      | Escaped with the Orb!

Illustrated notes

Levels and vault maps discovered:
D:1:      wander_arrival_chamber, layout_loops_corners,
          hellmonk_ecumenical_altar_slurped_away, serial_shops, shop, shop, shop
D:2:      kb_forest_paths, layout_loops_ring, minmay_pentomino_z2
D:3:      layout_basic, minmay_misc_feat_plants
D:4:      layout_loops_corners, nicolae_overflow_crystal_walls,
          minmay_temple_entry_glassed_door, serial_shops,
          nicolae_shop_rolling_square, lightli_minifort
D:5:      layout_loops_corners, minmay_misc_feat_ornament
D:6:      layout_loops_ring, okawaru_gym_becter, uniq_sigmund, uniq_eustachio
D:7:      layout_cave_pods, enter_bailey_6
D:8:      layout_basic, nicolae_overflow_hallway_of_the_gods,
          mainiacjoe_overflow_boulevard, roderic_lattice_a,
          chequers_serial_rivers_large_b, kennysheep_generic_room_16, uniq_pikel
D:9:      layout_basic, kennysheep_little_box, nicolae_blasting_shop,
          st_stairs_12
D:10:     layout_basic, orc_0_dummy
D:11:     layout_roguey, nemelex_xobeh_ov_fountains_minmay
D:12:     layout_basic, gammafunk_ghost_hive
D:13:     layout_cave_pools, lightli_vaults_fourway_checkpoint, minivault_28,
          uniq_kirke, uniq_frances
D:14:     layout_cave_pools, serial_rivers, chequers_serial_rivers_micro_d,
          chequers_serial_rivers_small_b, chequers_serial_rivers_micro_c,
          chequers_serial_rivers_micro_d, chequers_serial_rivers_micro_b,
          nrook_mini_vaults, moated_statue
D:15:     gammafunk_depths_entry_grave, layout_rooms,
          portal_ice_cave_entry_ice_statue_one
Lair:1:   layout_cave_pods, special_room [special_room_bee],
          serial_bayou_shore_b
Lair:2:   layout_hall_layers, nicolae_shoals_entry_roost, minivault_19,
          grunt_forest_stairs_basic, ice2_lemuel
Lair:3:   layout_misc_corridors, spider_nest_entry_a, grunt_megastairs_5
Lair:4:   layout_roguey, slime_entry_1, ebering_ghost_rock_garden
Lair:5:   cheibrodos_lair_end_hotspot, layout_regular_city, st_stairs_4,
          serial_bayou_lagoon_a, chequers_serial_rivers_micro_d,
          grunt_forest_large_clearing_hut
Shoals:1: layout_shoals
Shoals:2: layout_shoals, nicolae_shoals_water_shrine
Shoals:3: layout_shoals, uniq_ilsuiw
Shoals:4: shoals_end_hellmonk_storm_palace [storm_palace_center_square,
          storm_palace_corner_narrow, storm_palace_corner_narrow,
          storm_palace_corner_narrow, storm_palace_corner_blocked]
Spider:1: layout_spider_delve, uniq_azrael
Spider:2: layout_spider_delve
Spider:3: layout_spider_delve, hangedman_spider_tarantella_strand, uniq_asterion
Spider:4: guppyfry_spider_rune, uniq_louise, uniq_arachne
Orc:1:    layout_caves, nicolae_shop_overcharged_wands
Orc:2:    pubby_orc_utopia, serial_shops
Elf:1:    eino_elf_arrival_altar, layout_loops_corners, serial_shops,
          nicolae_shop_tiny_waterfront,
          ploomutoo_gammafunk_ghost_potion_laboratory, basic_altar,
          minmay_elf_demonology, drop_trap, dreamdust_deal_with_the_devil
Elf:2:    nicolae_elf_blades_splatter_lattice
          [nicolae_blade_entry_diamond_columns], layout_loops_cross,
          serial_shops, nicolae_shop_overgrown_old_shop, shop,
          nicolae_shop_just_a_little_nook, nicolae_shop_tiny_waterfront,
          nicolae_shop_bloodbath_and_beyond,
          nicolae_elf_double_double_double_trouble
Elf:3:    minmay_elf_hall_four_x, layout_geoelf_octagon, basic_altar,
          grunt_megastairs_3, minmay_shop_grove, uniq_zenata
Vaults:1: hangedman_vaults_stagger, hangedman_vaults_maws,
          nicolae_vaults_gold_heap, nicolae_vaults_oval_intersection,
          nicolae_vaults_inception_corners, v_misc_18, v_misc_2, v_misc_16,
          vaults_room_grid, nicolae_vaults_turnstiles,
          nicolae_vaults_trapezoid_lopsided_3, nicolae_vaults_angled_halls,
          nicolae_vaults_tetromino_L_2, layout_vaults_omnicross, serial_shops,
          bzr_entry_water, uniq_donald
Vaults:2: nicolae_vaults_little_squares_6, blue_anna_dwarven_crypt,
          vaults_room_door_hall, nicolae_vaults_tetromino_L_1,
          nicolae_vaults_loss_of_containment, hangedman_vaults_capsules,
          v_pattern_5, vaults_room_grid, hangedman_vaults_cutoff,
          layout_vaults_omnibox, enter_trove_6, uniq_mennas
Vaults:3: gammafunk_ghost_cemetery, v_misc_11, nicolae_vaults_more_shelving_1,
          ontoclasm_vaults_bender, v_alt_pattern_4, vaults_mumra_lcd,
          nicolae_vaults_what_the_h, nicolae_vaults_closet_pinwheel_1,
          nicolae_vaults_swerve, ontoclasm_vaults_hangar,
          ontoclasm_vaults_twist, nicolae_vaults_shipping_containers_2,
          layout_vaults_maze, serial_shops, shop_statue
Vaults:4: grunt_vaults_trifunnel, v_misc_22, vaults_dpeg_encased_lava,
          hangedman_vaults_hat, v_alt_pattern_4, hangedman_vaults_nails,
          ontoclasm_vaults_fault, nicolae_vaults_tetromino_T_1,
          grunt_vaults_twisty, nicolae_vaults_mini_display_case,
          layout_vaults_chaotic_city, uniq_margery, uniq_aizul, uniq_bai_suzhen
Vaults:5: serial_shops
Crypt:1:  layout_misc_corridors, grunt_megastairs_4
Crypt:2:  layout_chaotic_city, roderic_lattice_octagonal_star, uniq_josephina
Crypt:3:  church_of_pain_bobbens, layout_chaotic_city, tomb_entry_shell_bobbens
Depths:1: layout_honeycomb, hell_entry, moated_statue,
          hangedman_abyss_entry_splay, grunt_dithmenos_smoke_and_mirrors,
          serial_bayou_shore_a
Depths:2: box_level_dp, pan_entry, hell_entry
Depths:3: minmay_the_grid_octo_triangle [minmay_the_grid_octo_thin_diamonds,
          minmay_the_grid_octo_prize_big_c, minmay_the_grid_octo_fat_diamond],
          layout_honeycomb, grunt_hell_entry_dis_old,
          lemuel_coloured_pillars_altar, abyss_entry_flame_altar,
          serial_bayou_shore_b
Depths:4: grunt_x_marks_the_spot, layout_small_grid, serial_bayou_pond_b,
          lightli_too_deep, uniq_parghit
Zot:1:    layout_gridlike, gammafunk_ghost_grave
Zot:2:    layout_onion_interference, regret_index_zotdec_obsidian_hm
Zot:3:    layout_onion, st_stairs_10
Zot:4:    kennysheep_six_static_rooms, layout_misc_corridors, bh_zot_lava_cross
Zot:5:    layout_gridlike, ebering_ghost_reflecting_pool

Skill      XL: |  1  2  3  4  5  6  7  8  9 10 11 12 13 14 15 16 17 18 19 20 21 22 23 24 |
---------------+-------------------------------------------------------------------------+-----
Stealth        | 2 3 4 5 7 10 | 10.0
Shapeshifting  | 1 2 5 7 8 10 11 13 15 17 20 21 | 21.1
Dodging        | 4 7 9 10 12 13 15 16 18 20 21 | 21.8
Fighting       | 4 5 6 8 10 11 15 16 17 18 20 21 | 21.1
Unarmed Combat | 4 5 7 11 12 13 15 16 17 18 20 21 | 21.1
Evocations     | 2 8 10 12 | 12.1
Hexes          | 1 |  1.9
Translocations | 9 18 25 27 | 27.0
Air Magic      | 5 |  5.0
Spellcasting   | 5 |  5.0

Action                     |  1- 3 |  4- 6 |  7- 9 | 10-12 | 13-15 | 16-18 | 19-21 | 22-24 || total
---------------------------+-------+-------+-------+-------+-------+-------+-------+-------++-------
  Melee: Unarmed           |   127 |   171 |   385 |   508 |   991 |  1099 |  1313 |  1492 ||  6086
         Bite              |     8 |    20 |    48 |    67 |   184 |   192 |   274 |   304 ||  1097
         Punch             |     4 |     4 |     3 |    29 |   108 |   150 |   244 |   320 ||   862
         Headbutt          |       |    15 |    80 |    48 |       |       |       |       ||   143
         Maw               |       |       |       |   127 |   410 |   485 |   273 |       ||  1295
         Tailslap          |       |       |       |       |       |       |       |    20 ||    20
   Cast: Vhi's Electric Ch |       |       |       |       |       |       |    53 |    29 ||    82
         Blink             |       |       |       |       |       |       |       |     3 ||     3
         Apportation       |       |       |       |       |       |       |       |     1 ||     1
         Disjunction       |       |       |       |       |       |       |       |     1 ||     1
Ability: Breathe Fire      |       |       |       |       |       |       |       |     3 ||     3
  Evoke: Wand              |       |     5 |     4 |    20 |     6 |    18 |    45 |     6 ||   104
         Phantom mirror    |       |       |       |       |       |       |     1 |     1 ||     2
         Lightning rod     |       |       |       |       |       |       |     4 |       ||     4
         Box of beasts     |       |       |       |       |       |       |       |     2 ||     2
    Use: Scroll            |     2 |     3 |     6 |    11 |     9 |    10 |     4 |    19 ||    64
         Potion            |       |       |     6 |     2 |     7 |    10 |     3 |     6 ||    34
   Stab: Sleeping          |    11 |    10 |     9 |     4 |    43 |    82 |    54 |    27 ||   240
         Paralysed         |       |     4 |     3 |       |     2 |     2 |     5 |       ||    16
         Distracted        |       |       |     1 |     6 |     8 |     8 |    10 |    20 ||    53
         Confused          |       |       |       |     3 |     3 |     7 |    19 |    10 ||    42
         Invisible         |       |       |       |       |     6 |    12 |     4 |       ||    22
         Petrifying        |       |       |       |       |     2 |       |       |       ||     2
         Petrified         |       |       |       |       |     1 |       |       |       ||     1
 Armour: Skin              |    28 |    42 |   320 |   212 |   239 |   243 |   192 |   487 ||  1763
  Dodge: Dodged            |    78 |   126 |   336 |   500 |   887 |  1213 |  1074 |  2555 ||  6769
  Block: Other             |       |       |       |       |       |    23 |   108 |   293 ||   424
   Form: Flux              |       |       |     1 |       |       |       |       |       ||     1
         Maw               |       |       |       |     2 |       |       |       |       ||     2
         Blade             |       |       |       |     1 |       |       |     1 |       ||     2
         Statue            |       |       |       |       |       |       |       |     2 ||     2
         Dragon            |       |       |       |       |       |       |       |     2 ||     2

Table legend: (Time is in decaauts)
 A = Elapsed time spent in this place.
 B = Non-inter-level travel time spent in this place.
 C = Inter-level travel time spent in this place.
 D = Time resting spent in this place.
 E = Time spent auto-exploring this place.
 F = Levels seen in this place.
 G = Mean time per level.
                   A        B        C        D        E       F      G
               +--------+--------+--------+--------+--------+-----+--------+
         Total |  53726 |  45746 |   7980 |   5918 |  25977 |  54 |  994.9 |
       Dungeon |  15880 |  11888 |   3992 |   1571 |   6936 |  15 | 1058.7 |
          Lair |   4557 |   3872 |    685 |    430 |   2078 |   5 |  911.4 |
        Shoals |   3242 |   3021 |    221 |    401 |   1575 |   4 |  810.5 |
   Spider Nest |   3324 |   3202 |    122 |    562 |   1572 |   4 |  831.0 |
  Orcish Mines |   2806 |   2322 |    484 |    579 |    940 |   2 | 1403.0 |
   Elven Halls |   4662 |   4174 |    488 |   1257 |   1852 |   3 | 1554.0 |
        Vaults |   8052 |   7250 |    802 |    635 |   4503 |   5 | 1610.4 |
         Crypt |   4662 |   4317 |    345 |     42 |   3017 |   3 | 1554.0 |
        Depths |   4761 |   4126 |    635 |    365 |   2941 |   4 | 1190.2 |
           Zot |   1510 |   1308 |    202 |     67 |    523 |   5 |  302.0 |
         Abyss |    185 |    185 |      0 |      5 |      0 |   2 |   92.5 |
        Bazaar |     56 |     56 |      0 |      0 |     36 |   1 |   56.0 |
        Bailey |     22 |     22 |      0 |      0 |      0 |   1 |   22.0 |
               +--------+--------+--------+--------+--------+-----+--------+

Top non-repeatable levels by time:
   Elf:3: 2370 daAuts
Vaults:5: 2360 daAuts
   Orc:2: 2255 daAuts
Vaults:4: 2047 daAuts
 Crypt:3: 1952 daAuts
Depths:3: 1758 daAuts
Depths:4: 1712 daAuts
    D:10: 1587 daAuts
   Elf:1: 1527 daAuts
Shoals:4: 1508 daAuts
 Crypt:1: 1461 daAuts
     D:4: 1437 daAuts
     D:2: 1311 daAuts
Vaults:3: 1301 daAuts
Vaults:2: 1275 daAuts

Table legend:
 A = Kills in this place as a percentage of kills in the entire game.
 B = Kills by you in this place as a percentage of kills by you in the entire game.
 C = Kills by friends in this place as a percentage of kills by friends in the entire game.
 D = Other kills in this place as a percentage of other kills in the entire game.
 E = Experience gained in this place as a percentage of experience gained in the entire game.
 F = Experience gained in this place divided by the number of levels of this place that you have seen.
                   A       B       C       D       E      F
               +-------+-------+-------+-------+-------+----------------------
         Total | 100.0 | 100.0 | 100.0 | 100.0 | 100.0 | 21057.3
       Dungeon |  16.8 |  16.9 |  19.4 |   5.0 |   6.5 | 4951.1
          Lair |   9.3 |   9.1 |  19.4 |   5.0 |   5.1 | 11591.8
        Shoals |   8.1 |   8.3 |   0.0 |   5.0 |   7.6 | 21539.2
   Spider Nest |  10.1 |  10.3 |   0.0 |  10.0 |   8.0 | 22765.5
  Orcish Mines |   8.7 |   8.7 |  11.1 |   0.0 |   2.0 | 11440.5
   Elven Halls |   7.9 |   7.8 |  11.1 |  10.0 |  10.5 | 39701.3
        Vaults |  17.5 |  17.4 |  22.2 |  20.0 |  25.0 | 56910.4
         Crypt |  11.3 |  11.5 |   0.0 |  15.0 |  14.6 | 55154.0
        Depths |   6.2 |   6.0 |   8.3 |  15.0 |  11.0 | 31393.5
           Zot |   3.5 |   3.3 |   8.3 |  15.0 |   9.1 | 20650.2
         Abyss |   0.5 |   0.5 |   0.0 |   0.0 |   0.6 | 3404.5
        Bailey |   0.2 |   0.2 |   0.0 |   0.0 |   0.0 |  15.0
               +-------+-------+-------+-------+-------+----------------------
